 Dungeon Crawl Stone Soup version 0.17-a0-1446-gc28613e (webtiles) character file.

1269604 wvc the Slayer (level 27, -12/150 (152) HPs)
             Began as a Vine Stalker Artificer on June 23, 2015.
             Mangled by an Orb Guardian (20 damage)
             ... on level 5 of the Realm of Zot on June 28, 2015.
             The game lasted 08:48:14 (82674 turns).

wvc the Slayer (Vine Stalker Artificer)            Turns: 82674, Time: 08:48:17

HP:   -12/150 (152) AC: 31    Str: 16 (17) XL:     27
MP:   0/48          EV: 39    Int: 12 (15) God:    Xom [..*...]
Gold: 7541          SH: 20    Dex: 29 (30) Spells: 13 memorised, 11 levels left

rFire  + + +     SeeInvis +     a - +9 quick blade (elec)
rCold  + + +     Clarity  .     R - +10 scale mail of Boredom {rPois rN+ Regen+ Stlth-}
rNeg   + + +     SustAt   .     p - +5 shield {reflect}
rPois  +         Gourm    .     s - +2 hat of Dawn {rElec Regen+}
rElec  +         Spirit   +     S - +0 cloak "Guchooclaud" {rF+ rC+ rN+}
rCorr  +         Warding  .     V - +2 pair of gloves {Str+3}
rMut   .         Stasis   .     j - +3 pair of boots of Spring {rPois rN+ SInv}
MR     +++..                    m - amulet of the Air {Inacc +Fly rElec EV+5 RMsl}
Stlth  ..........               v - ring of Ecou {Wiz *Contam rPois rC+ Slay+6}
                                W - ring of Heosch {rF+ Str+2 Int+4 Dex+3}

@: exhausted, about to teleport, resistant, slowed, repel missiles, very slow,
extremely resistant to hostile enchantments, extremely unstealthy
A: claws 1, fangs 3, blurry vision 1, deterioration 1, dopey 1, frail 1,
regeneration 3, weak 1, magic shield, antimagic bite, no device heal 3, rot
immunity
a: Renounce Religion, Evoke Flight
0: Orb of Zot
}: 14/15 runes: serpentine, barnacled, slimy, silver, iron, obsidian, icy, bone,
abyssal, demonic, glowing, magical, fiery, dark


You were on level 5 of the Realm of Zot.
You worshipped Xom.
You were a toy of Xom.
You were not hungry.

You visited 18 branches of the dungeon, and saw 93 of its levels.
You visited Pandemonium 2 times, and saw 24 of its levels.
You visited the Abyss 4 times.
You visited 1 ziggurat, and saw 11 of its levels.
You also visited: Trove, Sewer, Bailey and Ice Cave.

You collected 14508 gold pieces.
You spent 6946 gold pieces at shops.

Inventory:

Hand weapons
 a - a +9 quick blade of electrocution (weapon)
 b - a +8 eudemon blade of holy wrath
 K - the +7 Singing Sword
   (You found it on level 4 of a ziggurat)
Armour
 j - the +3 pair of boots of Spring (worn) {rPois rN+ SInv}
   (You found it on level 5 of the Vaults)

   It protects you from poison.
   It protects you from negative energy.
   It lets you see invisible.
 p - a +5 shield of reflection (worn)
 s - the +2 hat of Dawn (worn) {rElec Regen+}
   (You found it on level 1 of the Vaults)

   It insulates you from electricity.
   It increases your rate of regeneration.
 E - the +1 pair of gloves of Good Intentions {rC+ rN+ Dex+2, unknown}
   (You found it on level 10 of a ziggurat)

   It affects your dexterity (+2).
   It protects you from cold.
   It protects you from negative energy.
 R - the +10 scale mail of Boredom (worn) {rPois rN+ Regen+ Stlth-}
   (You took it off a vault guard on level 5 of the Vaults)

   It protects you from poison.
   It protects you from negative energy.
   It increases your rate of regeneration.
   It makes you less stealthy.
 S - the +0 cloak "Guchooclaud" (worn) {rF+ rC+ rN+}
   (You found it on level 2 of the Snake Pit)

   It protects you from fire.
   It protects you from cold.
   It protects you from negative energy.
 V - a +2 pair of gloves of strength (worn)
Jewellery
 m - the amulet of the Air (around neck) {Inacc +Fly rElec EV+5 RMsl}
   (You found it on level 5 of the Vaults)

   [amulet of inaccuracy]

   It reduces the accuracy of all your attacks.
   It affects your evasion (+5).
   It insulates you from electricity.
   It lets you fly.
   It protects you from missiles.
 u - the amulet of Rynidoom {Ward rF+ rC++ rN+ Int+3 Slay-3}
   (You found it on level 7 of the Iron City of Dis)

   [amulet of warding]

   It may prevent the melee attacks of summoned creatures.
   It affects your intelligence (+3).
   It affects your accuracy and damage with ranged weapons and melee attacks
   (-3).
   It protects you from fire.
   It greatly protects you from cold.
   It protects you from negative energy.
 v - the ring of Ecou (right hand) {Wiz *Contam rPois rC+ Slay+6}
   (You found it on level 8 of the Lair of Beasts)

   [ring of wizardry]

   It improves your spell success rate.
   It affects your accuracy and damage with ranged weapons and melee attacks
   (+6).
   It protects you from cold.
   It protects you from poison.
   It causes magical contamination when unequipped.
 T - an uncursed amulet of resist mutation
 W - the ring of Heosch (left hand) {rF+ Str+2 Int+4 Dex+3}
   (Xom gifted it to you in Pandemonium)

   [ring of dexterity]

   It affects your strength (+2).
   It affects your intelligence (+4).
   It affects your dexterity (+3).
   It protects you from fire.
Magical devices
 z - a wand of digging (13)
 B - a wand of teleportation (3)
 G - a wand of digging (11)
 L - a wand of hasting (6)
 N - a wand of hasting (6)
 U - a wand of teleportation (5)
Scrolls
 c - 4 scrolls of holy word
 e - 5 scrolls of blinking
 n - 10 scrolls of immolation
 o - 13 scrolls of amnesia
 r - a scroll of fear
 w - 12 scrolls of fog
 x - 5 scrolls of identify
 y - 4 scrolls of magic mapping
 C - 21 scrolls of recharging
 D - 22 scrolls of remove curse
 H - 5 scrolls of summoning
 O - 2 scrolls of teleportation
 Z - 11 scrolls of enchant armour
Potions
 d - 2 potions of haste
 h - 14 potions of flight
 i - 21 potions of curing
 l - 18 potions of brilliance
 t - 5 potions of might
 F - a potion of berserk rage
 J - 12 potions of agility
 M - 3 potions of resistance
 Y - a potion of magic
Miscellaneous
 g - an ornate deck of summoning {the Pentagram}
 q - a phial of floods
 A - 2 phantom mirrors
 Q - an ornate deck of destruction {the Storm, drawn: 4}
 X - an ornate deck of wonders {the Helix, drawn: 2}
Comestibles
 f - 9 bread rations
 k - 46 meat rations


   Skills:
 - Level 25.0 Fighting
 - Level 11.6(14.1) Short Blades
 - Level 13.5(15.1) Long Blades
 + Level 14.5 Armour
 + Level 25.0 Dodging
 - Level 1.2 Stealth
 - Level 15.0 Shields
 - Level 20.0 Spellcasting
 - Level 12.0 Charms
 - Level 22.0 Necromancy
 - Level 17.2 Translocations
 - Level 20.0 Transmutations
 - Level 13.1 Air Magic
 - Level 2.6 Evocations


You had 11 spell levels left.
You knew the following spells:

 Your Spells              Type           Power        Failure   Level  Hunger
a - Swiftness             Chrm/Air       #####...     1%          2    None
b - Regeneration          Chrm/Necr      ######....   1%          3    None
c - Apportation           Tloc           ######....   0%          1    None
d - Blink                 Tloc           N/A          0%          2    None
e - Deflect Missiles      Chrm/Air       #####.....   4%          6    ######.
f - Summon Butterflies    Summ           ##......     4%          1    None
g - Haste                 Chrm           #####...     4%          6    ######.
h - Control Undead        Necr           ######....   1%          4    #......
i - Necromutation         Trmt/Necr      ######....   7%          8    #######
j - Silence               Hex/Air        ####......   9%          5    ####...
k - Phase Shift           Tloc           ######....   1%          5    ####...
l - Controlled Blink      Tloc           N/A          4%          7    #######
m - Dispel Undead         Necr           ######..     1%          5    ####...


Dungeon Overview and Level Annotations

Branches:
Dungeon (15/15)            Temple (1/1) D:4            Lair (8/8) D:11
 Shoals (4/4) Lair:5        Snake (4/4) Lair:5        Slime (6/6) Lair:8
    Orc (4/4) D:11            Elf (3/3) Orc:4        Vaults (5/5) D:13
  Crypt (3/3) Vaults:3       Tomb (2/3) Crypt:3      Depths (5/5) D:15
   Hell (1/1)                 Dis (7/7) Hell            Geh (7/7) Hell
    Coc (7/7) Hell            Tar (7/7) Hell            Zot (5/5) Depths:5

Altars:
Dithmenos
Fedhas
Kikubaaqudgha
Makhleb
Nemelex Xobeh
Okawaru
Qazlal
Trog
Vehumet
Xom
Zin
Beogh
Jiyva

Shops:
D:4 *   D:5 [   D:14 %   Orc:3 *=%*   Orc:4 [*=(   Elf:2 (   Elf:3 }
Shoals:2 !   Shoals:3 [   Snake:3 }(%(   Snake:4 }   Vaults:2 !   Vaults:3 !*(
Vaults:4 [   Depths:1 [   Depths:4 *   Depths:5 [

Portals:
Hell: Depths:1 Depths:2 Depths:3 Depths:4 Depths:5
Abyss: Depths:4 Depths:5
Pandemonium: Depths:3 Depths:4

Annotations:
D:13 8 runed doors
Lair:2 exclusion: oklob plant
Elf:2 exclusion: 5 doors
Depths:5 exclusions: 2 draconian callers and 2 more exclusions
Zot:4 exclusion: 2 downstairs


Innate Abilities, Weirdness & Mutations

You have razor-sharp teeth.
You regenerate.
When hurt, damage is shared between your health and your magic reserves.
Your bite disrupts and absorbs the magic of your enemies.
Potions and wands cannot restore your health.
You are immune to rotting.
You have sharp fingernails.
Scrolls take you a little longer to read.
Your body sometimes deteriorates upon taking damage.
You are dopey. (Int -2)
You are frail (-10% HP).
You are weak. (Str -2)


Message History

The Orb Guardian completely misses you.
A Killer Klown and a yellow draconian come into view.
You see here a fan of gales.
You feel your anger subside.
You are no longer berserk.
You are exhausted.
You feel yourself slow down.
The orb of fire fails to trigger a blade trap.
The orb of fire glows deep purple.
The bolt of fire misses you. The Orb Guardian completely misses you.
The Orb Guardian completely misses you.
A tentacled monstrosity comes into view.
The Orb Guardian completely misses you.
You hear a loud "Zot"!
You hear a blaring wail to the north.
You block the Orb Guardian's attack.
You hear a distant blaring wail to the northeast.
The Orb Guardian fails to trigger a blade trap.
The Orb Guardian hits you!!
You die...
Xom chortles!

....,,,,** **,,,,,,,,,,
....,.,,,* ▓▓▓▓▓▓▓▓▓ *,,,,,,,,,,,
....,..,,*▓▓.......▓▓*,,,,,,,,,,,
....,..d,▓▓.........▓▓,.,,,,,,,,,
....,..d8▓....XX.....▓..,,,,,,,,,
....,,,..q..X.X......X..,,,,,,,,,
.*..,....▓**.qXXX....▓,,,,,,,,,,,
....,...,▓▓..XXX**p.▓*,,,,,,,,,,,
....,..,,*▓▓dqXX@..▓**,,,,,,,,,,,
....,.,,,* ▓▓▓▓▓▓▓▓▓ *,,,,,,,,,,,
....,,,,** **,,,,,,,,,, ....,,***
***,,,,,,,, ,,,**** ****,,,,,
▓▓▓▓▓▓▓# #▓▓▓▓▓▓▓▓▓ ...^...###
###...^..... [..##....##
##....##)..*.
..,,###...###########...###..*L*.


You could see 4 orbs of fire, a Killer Klown, a tentacled monstrosity, a purple
draconian monk, a white draconian, 12 Orb Guardians and 2 draconians.

Vanquished Creatures
  Cerebov (Pan)
  Antaeus (Coc:7)
  Asmodeus (Geh:7)
  the royal jelly (Slime:6)
  Ereshkigal (Tar:7)
  Gloorx Vloq (Pan)
  the Serpent of Hell (Geh:7)
  A seraph (Pan)
  Mnoleg (Pan)
  Lom Lobon (Pan)
  Dispater (Dis:7)
  Khufu (Crypt:2)
  An orb of fire (Zot:1)
  Mara (Crypt:2)
  Mennas (Crypt:3)
  5 ancient liches
  21 greater mummies
  Sojobo (Tomb:1)
  Frederick (Crypt:2)
  Margery (Crypt:2)
  Saint Roka (Vaults:1)
  A caustic shrike (shapeshifter) (Depths:2)
  5 shard shrikes (Coc:7)
  A curse toe (Zot:4)
  2 Killer Klowns
  6 golden dragons
  Geryon (Hell)
  7 caustic shrikes
  3 pandemonium lords (Pan)
  Jory (Crypt:3)
  14 Brimstone Fiends
  The ghost of confidenceinterval the Brawler, a mighty TrBe of Trog (Vaults:3)
  5 bone dragons
  2 pearl dragons (Pan)
  4 electric golems
  The ghost of WhatIsLove the Earth Mage, a mighty FoEE of Vehumet (Hell)
  A hellephant (Pan)
  Rupert (D:14)
  28 tentacled monstrosities
  6 Hell Sentinels
  17 Ice Fiends
  Asterion (Vaults:1)
  10 Orb Guardians
  2 deep elf blademasters (Elf:3)
  9 titans
  4 quicksilver dragons
  A deep elf master archer (Elf:3)
  14 Executioners (Pan)
  16 liches
  11 acid blobs
  3 eldritch tentacles
  12 sphinxes
  9 ancient champions
  6 tentacled starspawn
  11 Shadow Fiends
  12 storm dragons
  A revenant (Crypt:3)
  9 shadow dragons
  2 draconian monks (Zot:1)
  5 corrupters (Pan)
  Ilsuiw (Shoals:4)
  12 tengu reavers
  Wiglaf (Depths:1)
  9 azure jellies
  8 frost giants
  13 greater nagas
  Donald (Crypt:3)
  6 chaos champions (Pan)
  3 draconian knights
  16 daevas (Pan)
  4 ghost moths
  3 orc warlords
  2 emperor scorpions
  22 vault wardens
  Aizul (Vaults:1)
  Louise (Depths:4)
  4 draconian scorchers
  2 caustic shrike zombies (D:15)
  14 deep elf sorcerers
  15 iron dragons
  22 fire giants
  4 curse skulls
  5 draconian zealots
  A draconian shifter (Zot:1)
  11 cacodemons (Pan)
  24 balrugs
  7 ghouls
  27 angels (Pan)
  31 large abominations
  3 warmongers (Pan)
  A caustic shrike skeleton (D:15)
  6 draconian annihilators
  27 stone giants
  29 very ugly things
  An elemental wellspring (Coc:7)
  13 ophanim (Pan)
  4 spriggan defenders
  2 draconian callers
  A stone giant (shapeshifter) (Vaults:5)
  45 reapers
  5 lorocyprocas
  9 green draconians
  3 salamander firebrands
  7 black draconians
  4 vampire knights
  14 ironheart preservers
  Nessos (Lair:5)
  6 deep elf demonologists
  22 apis (Pan)
  8 war gargoyles
  11 deep elf annihilators
  6 mottled draconians
  7 white draconians
  11 purple draconians
  6 yellow draconians
  4 red draconians (Zot:1)
  8 blood saints
  2 dire elephants
  14 ettins
  8 deep elf death magi
  4 eidola
  4 merfolk javelineers (Shoals:4)
  A minotaur (Depths:2)
  6 black suns (Pan)
  12 green deaths
  13 mummy priests
  40 vault guards
  14 blizzard demons
  4 deep elf high priests
  7 death oozes (Slime:6)
  9 merfolk impalers
  4 quicksilver dragon zombies
  9 jiangshi
  13 fire dragons
  10 rakshasas
  5 death cobs
  4 entropy weavers
  7 great orbs of eyes
  7 hydras
  2 spectral krakens (Tar:7)
  17 yaktaur captains
  A kraken zombie (Coc:7)
  The ghost of Gruud the Martial Artist, a powerful DsNe of Kikubaaqudgha (D:12)
  4 hell beasts (Pan)
  14 naga warriors
  3 quicksilver dragon skeletons
  8 monstrous demonspawn (Pan)
  3 merfolk avatars
  A catoblepas (Zig:7)
  20 ice dragons
  13 centaur warriors
  6 merfolk aquamancers
  A ghost crab (Tar:4)
  14 ogre magi
  6 spriggan air magi
  12 death yaks
  2 ghost crabs (shapeshifter)
  3 dancing weapons (Elf:2)
  An alligator snapping turtle (Zot:1)
  2 satyrs
  8 deep troll shamans
  12 deep troll earth magi
  4 tengu warriors
  16 anacondas
  3 orc high priests
  12 naga sharpshooters
  An alligator (shapeshifter) (Depths:4)
  7 spriggan berserkers
  17 deep elf knights
  3 vampire magi
  4 titan zombies
  3 shock serpents
  8 hell hogs
  A storm dragon zombie (Zig:10)
  Nergalle (Orc:4)
  32 sun demons
  11 iron trolls
  28 soul eaters
  3 thrashing horrors (Abyss:2)
  3 wretched stars
  11 iron golems
  6 salamander mystics
  14 flayed ghosts
  5 wizards
  17 ice devils
  6 shadow wraiths
  4 spatial maelstroms
  5 titan skeletons
  4 anaconda zombies
  A fire crab (shapeshifter) (Vaults:4)
  6 storm dragon skeletons
  113 skeletal warriors
  A death drake (Zig:10)
  A ghost moth zombie (Tar:7)
  A spriggan druid (Zig:6)
  A swamp dragon (Zig:6)
  22 shadow demons
  5 sea snakes
  10 cherubim (Pan)
  9 unseen horrors
  27 hell knights
  A golden dragon zombie (Coc:7)
  14 death scarabs (Tomb:1)
  8 naga ritualists
  2 golden dragon skeletons
  7 infernal demonspawn (Pan)
  4 anubis guards
  7 giant orange brains
  2 ice statues (IceCv)
  2 shadow dragon zombies
  An anaconda skeleton (Crypt:3)
  5 lindwurms
  5 deep elf summoners
  7 gelid demonspawn (Pan)
  36 deep trolls
  16 torturous demonspawn (Pan)
  A shambling mangrove (Zig:6)
  Pikel (D:7)
  14 deep elf conjurers
  10 hill giants
  14 ironbrand convokers
  13 orc knights
  14 phantasmal warriors
  7 necromancers
  A mana viper (shapeshifter) (Elf:2)
  21 mana vipers
  4 wolf spider zombies
  26 harpies
  8 putrid demonspawn (Pan)
  3 iron dragon zombies
  12 griffons
  7 stone giant zombies
  81 ugly things
  A draconian zombie (Zot:1)
  4 fire giant zombies
  7 orc sorcerers
  6 fauns
  5 manticores
  13 salamanders
  5 shadow dragon skeletons
  14 moths of wrath
  A salamander (shapeshifter) (Vaults:5)
  4 cyclopes
  9 sirens
  2 oklob plants (Zig:10)
  2 griffons (shapeshifter)
  An elephant (Lair:5)
  2 frost giant zombies
  A shining eye (shapeshifter) (Depths:3)
  An iron dragon skeleton (Crypt:3)
  An ugly thing (shapeshifter) (Depths:4)
  A hornet (Vaults:5)
  An octopode (shapeshifter) (Vaults:3)
  4 wolf spiders
  20 sixfirhies
  4 water nymphs
  43 black mambas
  An elephant (shapeshifter) (Elf:1)
  A worldbinder (Abyss:2)
  A centaur zombie (D:15)
  18 vault sentinels
  A black mamba (shapeshifter) (Vaults:4)
  2 dire elephant zombies
  7 shining eyes
  20 smoke demons
  21 rust devils
  4 fire giant skeletons
  4 stone giant skeletons
  31 naga magi
  8 frost giant skeletons
  2 apocalypse crabs
  9 guardian serpents
  4 shock serpent skeletons
  3 eyes of devastation
  An emperor scorpion zombie (Dis:7)
  14 hellions
  8 molten gargoyles (Geh:7)
  13 orange demons
  4 spectral swamp worms (Tar:7)
  A red draconian zombie (Zot:1)
  4 dire elephant skeletons
  27 spiny frogs
  A spiny frog (shapeshifter) (D:15)
  2 yaktaurs (shapeshifter)
  9 trolls
  18 tormentors
  5 silent spectres
  8 demonic crawlers
  13 hellwings
  6 efreet
  54 yaktaurs
  24 guardian mummies
  2 kobold demonologists (Vaults:1)
  A sea snake zombie (Crypt:2)
  3 harpy zombies
  14 hydra zombies
  2 ancient zymes
  A komodo dragon (shapeshifter) (Depths:1)
  12 komodo dragons
  11 freezing wraiths
  21 two-headed ogres
  12 deep elf priests
  2 jumping spiders (Vaults:2)
  18 merfolk
  2 wind drakes
  An anaconda simulacrum (Tar:5)
  24 red devils
  5 harpy skeletons
  A polar bear (shapeshifter) (Abyss:2)
  5 tengu conjurers
  A wandering mushroom (Abyss:2)
  30 blue devils
  Grinder (D:4)
  3 ettin zombies
  99 slime creatures
  10 raiju
  4 ushabtiu (Tomb:1)
  Prince Ribbit (D:5)
  A giant leech (shapeshifter) (Depths:2)
  4 snapping turtles
  A giant leech (Lair:8)
  A raiju (shapeshifter) (Vaults:1)
  6 boulder beetles
  3 fire dragon zombies
  2 bog bodies
  5 hydra skeletons
  30 deep elf magi
  3 ice dragon zombies
  2 spriggan zombies
  4 alligator zombies
  23 blink frogs
  11 shadows
  5 ice dragon skeletons
  3 fire dragon skeletons
  70 flying skulls
  5 vampires
  12 ynoxinuls
  13 redbacks
  4 alligator skeletons
  2 trapdoor spiders (shapeshifter)
  5 ettin skeletons
  16 water elementals
  5 air elementals
  A yak (shapeshifter) (Depths:4)
  A fire giant simulacrum (Tar:6)
  27 starcursed masses
  2 tarantellas
  5 hungry ghosts
  10 fire elementals
  2 fire bats (Abyss:2)
  49 yaks
  The ghost of PeterLawrence the Covered, an average MiFi (D:4)
  Eustachio (D:6)
  A black mamba skeleton (Geh:2)
  A hill giant zombie (D:11)
  6 spriggans
  21 vampire mosquitoes
  A golden eye (shapeshifter) (Vaults:1)
  5 basilisks
  4 chaos spawn
  A wyvern (D:15)
  A golden eye (D:12)
  2 basilisks (shapeshifter)
  12 hippogriffs
  19 wraiths
  21 neqoxecs
  A water nymph zombie (Crypt:2)
  13 spatial vortices
  A harpy simulacrum (Tar:5)
  12 wolves
  A yaktaur simulacrum (Vaults:3)
  40 nagas
  34 deep elf fighters
  A torturous demonspawn zombie (Crypt:1)
  17 water moccasins
  A soldier ant (D:11)
  6 spiny frog zombies
  7 wargs
  A deep troll zombie (Crypt:3)
  17 porcupines
  A torturous demonspawn skeleton (Geh:6)
  A merfolk zombie (Coc:7)
  47 orc warriors
  2 sky beasts
  A spider (D:11)
  3 spiny frog skeletons
  16 necrophages
  A lindwurm zombie (Crypt:1)
  12 eyes of draining
  7 boggarts
  22 hell hounds
  An ice dragon simulacrum (Tar:5)
  7 phantoms
  A black bear (shapeshifter) (Elf:1)
  A manticore zombie (Tomb:1)
  16 ice beasts
  An elephant skeleton (Crypt:3)
  9 wasps
  47 ogres
  4 snapping turtle zombies
  A swamp dragon zombie (Coc:7)
  A snapping turtle skeleton (Crypt:3)
  2 swamp dragon skeletons
  11 centaurs
  A manticore skeleton (Crypt:1)
  21 crocodiles
  Blork the orc (D:4)
  An elf zombie (Tar:5)
  5 brain worms
  10 big kobolds
  An earth elemental (Abyss:2)
  41 giant frogs
  A wyvern skeleton (Crypt:1)
  3 elf skeletons
  3 spiny frog simulacra
  2 troll zombies (D:11)
  4 scorpions
  A killer bee (D:7)
  An orc simulacrum (Vaults:2)
  2 troll skeletons
  A warg skeleton (Crypt:3)
  A vampire bat (Orc:1)
  8 electric eels
  A giant frog zombie (D:12)
  A yak skeleton (Crypt:2)
  16 crimson imps
  30 orc priests
  7 centaur skeletons
  26 jellies
  9 iron imps
  43 wights
  10 hounds
  A human zombie (Tar:4)
  5 quasits
  2 giant frog skeletons
  Jessica (D:3)
  Natasha (thrice) (D:3)
  4 iguanas
  34 orc wizards
  23 sheep
  16 worker ants
  5 ogre zombies (D:11)
  A felid zombie (Crypt:1)
  15 small abominations
  2 brain worm zombies
  A crocodile zombie (Crypt:2)
  A naga skeleton (Tar:6)
  2 hound skeletons
  27 mummies
  A worker ant zombie (D:8)
  4 gnolls
  37 river rats
  16 adders
  A swamp drake skeleton (Crypt:2)
  9 shadow imps
  15 white imps
  A giant eyeball (Slime:6)
  5 ufetubi
  An ooze (D:2)
  A halfling zombie (Crypt:2)
  2 adder zombies
  A worm (shapeshifter) (Vaults:5)
  3 worms
  5 giant geckos
  188 orcs
  7 ball pythons
  16 bats
  A bat skeleton (D:6)
  8 giant cockroaches
  A gnoll skeleton (Crypt:3)
  29 goblins
  22 hobgoblins
  18 jackals
  8 quokkas
  7 giant newts
  4 goblin zombies (D:11)
  3 hobgoblin zombies (D:11)
  52 kobolds
  3 orc skeletons (D:11)
  15 orc zombies (D:11)
  A quokka zombie (D:5)
  27 rats
  3 fire vortices
  4 fungi
  7 plants
  4 starspawn tentacles
  3 tentacles (Tar:7)
4466 creatures vanquished.

Vanquished Creatures (collateral kills)
  A greater mummy (Tomb:1)
  4 Ice Fiends (Coc:7)
  A tentacled monstrosity (Zot:3)
  An iron dragon (Depths:2)
  A vault warden (Vaults:5)
  A draconian shifter (Zot:3)
  A draconian zealot (Zot:3)
  A white draconian (Zot:3)
  A blizzard demon (Coc:7)
  A vault guard (Vaults:5)
  An eidolon (Crypt:3)
  A naga warrior (Snake:4)
  A merfolk avatar (Shoals:4)
  2 deep troll shamans (Depths:4)
  2 naga sharpshooters (Snake:4)
  2 hell hogs (Geh:3)
  An iron troll (Dis:7)
  A sun demon (Geh:7)
  2 deep elf knights
  A salamander mystic (Snake:4)
  An anaconda zombie (Coc:7)
  3 skeletal warriors
  An ice devil (Coc:7)
  An infernal demonspawn (Pan)
  A deep troll (Depths:5)
  A hill giant (D:12)
  2 ironbrand convokers (Vaults:5)
  A phantasmal warrior (Vaults:5)
  A wizard (Vaults:1)
  An iron dragon zombie (Crypt:3)
  A water nymph (Shoals:4)
  2 ugly things (Depths:5)
  A sixfirhy (Pan)
  A manticore (Shoals:4)
  A salamander (Depths:5)
  A faun (Shoals:3)
  A siren (Shoals:4)
  A stone giant skeleton (Geh:7)
  2 black mambas (Snake:1)
  2 vault sentinels (Vaults:5)
  2 elephants (Lair:5)
  4 naga magi
  A moth of wrath (Zot:1)
  A hellion (Geh:7)
  A molten gargoyle (Geh:7)
  A troll (D:9)
  2 yaktaurs
  A merfolk (Shoals:2)
  3 blue devils
  An efreet (Pan)
  2 red devils
  A two-headed ogre (Vaults:5)
  A deep elf priest (Elf:1)
  2 snapping turtles (Shoals:4)
  A hydra skeleton (Geh:7)
  An alligator zombie (Crypt:3)
  An ettin zombie (Coc:3)
  A yak (Lair:6)
  2 flying skulls
  A wraith (Crypt:3)
  A fire elemental (Geh:3)
  A tarantella (shapeshifter) (Vaults:5)
  A deep elf fighter (Elf:3)
  A chaos spawn (Pan)
  A neqoxec (Pan)
  3 nagas
  A vampire mosquito (Vaults:3)
  A water moccasin (Snake:2)
  An orc warrior (D:12)
  6 hell hounds
  2 ice beasts (D:12)
  A snapping turtle zombie (Crypt:3)
  A tengu (shapeshifter) (Elf:1)
  4 ogres
  A queen bee zombie (Crypt:3)
  A wight (Vaults:3)
  A crimson imp (Geh:7)
  2 iron imps (Dis:7)
  2 orc priests
  2 river rats
  A white imp (Coc:3)
  7 orcs
  A plant (Shoals:4)
  A starspawn tentacle segment (Abyss:3)
127 creatures vanquished.

Vanquished Creatures (others)
  2 eldritch tentacles (Vaults:5)
  A tengu reaver (Tomb:1)
  A vault warden (Vaults:1)
  A reaper (Dis:7)
  An elemental wellspring (Coc:7)
  A black draconian (Zot:1)
  A red draconian (Zot:1)
  A mummy priest (Tomb:1)
  A yaktaur captain (Vaults:5)
  A deep elf high priest (Elf:3)
  A spriggan air mage (Pan)
  A merfolk aquamancer (Shoals:4)
  9 dancing weapons
  A centaur warrior (Depths:1)
  A catoblepas (Zig:7)
  A satyr (Shoals:2)
  2 wizards (Pan)
  A cherub (Pan)
  A death scarab (Tomb:2)
  3 necromancers
  2 ugly things (Depths:3)
  A harpy (Shoals:2)
  An oklob plant (Zig:10)
  A water nymph (Shoals:3)
  2 smoke demons
  An anaconda simulacrum (Crypt:3)
  9 yaktaurs
  2 hellwings (Pan)
  A deep elf priest (Elf:3)
  9 ball lightnings
  A bog body (Zig:6)
  3 flying skulls (Coc:7)
  A shadow (Geh:7)
  4 yaks
  A vampire mosquito (Zig:6)
  A wraith (Dis:7)
  A wolf (Lair:8)
  A hell hound (Hell)
  A small abomination (Abyss:2)
  An ogre (Vaults:3)
  A crocodile (Zig:7)
  2 starcursed masses (Abyss:3)
  An iron imp (Dis:7)
  An orc priest (Orc:4)
  An iguana (Lair:5)
  2 sheep
  A mummy (Tomb:2)
  2 adders
  A river rat (Lair:3)
  5 ufetubi (IceCv)
  A white imp (IceCv)
  8 orcs
  A hobgoblin (D:7)
  A kobold (D:9)
  An orc zombie (Geh:7)
  5 bushes (Lair:8)
  182 eldritch tentacle segments
  3 fungi (Lair:8)
  6 lost souls
  A lurking horror (Abyss:2)
  10 plants
  20 starspawn tentacles
  372 starspawn tentacle segments
  14 tentacles
  350 tentacle segments (Tar:7)
1068 creatures vanquished.

Grand Total: 5661 creatures vanquished

Notes
Turn   | Place    | Note
--------------------------------------------------------------
     0 | D:1      | wvc the Vine Stalker Artificer began the quest for the Orb.
     0 | D:1      | Reached XP level 1. HP: 9/9 MP: 3/3
    40 | D:1      | Reached skill level 1 in Short Blades
    54 | D:1      | Reached skill level 1 in Fighting
   105 | D:1      | Reached XP level 2. HP: 7/14 MP: 1/5
   552 | D:1      | Reached XP level 3. HP: 18/18 MP: 6/6
   794 | D:2      | Found a faded altar to an unknown god.
   807 | D:2      | Became a worshipper of Xom the Unpredictable
   919 | D:2      | Reached skill level 1 in Armour
   919 | D:2      | Reached XP level 4. HP: 17/22 MP: 7/7
  1097 | D:2      | XOM: harmless Divn miscast
  1189 | D:2      | XOM: harmless Trmt miscast
  1239 | D:3      | Noticed Jessica
  1243 | D:3      | Killed Jessica
  1243 | D:3      | Reached skill level 3 in Short Blades
  1266 | D:3      | Reached XP level 5. HP: 20/26 MP: 8/8
  1307 | D:3      | Noticed Natasha
  1314 | D:3      | Killed Natasha
  1401 | D:3      | Noticed Natasha
  1405 | D:3      | Killed Natasha
  1515 | D:3      | Noticed Natasha
  1516 | D:3      | Killed Natasha
  1834 | D:4      | Found Guupluf's Assorted Antiques.
  1846 | D:4      | Bought a scroll labeled ZUVAOD FOEM for 23 gold pieces
  1846 | D:4      | Bought a small onyx ring for 115 gold pieces
  1908 | D:4      | Found a radiant altar of Vehumet.
  1980 | D:4      | Found a staircase to the Ecumenical Temple.
  1993 | D:4      | Noticed Grinder
  1997 | D:4      | XOM: divination: magic mapping
  2002 | D:4      | XOM: cast spell 'Blink'
  2008 | D:4      | XOM: divination: detect items
  2012 | Temple   | Entered the Ecumenical Temple
  2091 | D:4      | XOM: confuse monster(s)
  2100 | D:4      | XOM: harmless Trmt miscast
  2110 | D:4      | Killed Grinder
  2110 | D:4      | Reached skill level 4 in Short Blades
  2110 | D:4      | Gained mutation: You heal very quickly. [Vine Stalker growth]
  2110 | D:4      | Reached XP level 6. HP: 5/32 MP: 4/9
  2183 | D:4      | Reached XP level 7. HP: 19/35 MP: 8/10
  2340 | D:4      | Noticed PeterLawrence's ghost (average MiFi)
  2340 | D:4      | XOM: harmless Fire miscast
  2349 | D:4      | XOM: summons friendly shadow imp
  2350 | D:4      | XOM: polymorph shadow imp -> crimson imp
  2378 | D:4      | Killed PeterLawrence's ghost
  2378 | D:4      | Reached skill level 5 in Short Blades
  2403 | D:4      | Noticed a phantom
  2408 | D:4      | XOM: enchant monster (good)
  2435 | D:4      | XOM: vitrification
  2461 | D:4      | Killed a phantom
  2466 | D:4      | Noticed Blork the orc
  2470 | D:4      | XOM: potion effect (berserk rage)
  2473 | D:4      | Killed Blork the orc
  2864 | D:4      | Gained mutation: You have razor-sharp teeth. [Vine Stalker growth]
  2864 | D:4      | Reached XP level 8. HP: 40/40 MP: 11/11
  2925 | D:5      | Entered Level 5 of the Dungeon
  3011 | D:5      | Found Ulapuf's Armour Shoppe.
  3121 | D:5      | Reached skill level 6 in Short Blades
  3212 | D:5      | Found a glowing drain.
  3224 | Sewer    | Entered a sewer
  3277 | Sewer    | XOM: mild Pois miscast
  3389 | Sewer    | XOM: cast spell 'Confusing Touch'
  3470 | Sewer    | XOM: polymorph giant newt -> adder
  3478 | Sewer    | XOM: smoke on damage
  3813 | Sewer    | XOM: god gift: scroll labeled UTSE NEULA
  3998 | D:5      | Reached skill level 7 in Short Blades
  4071 | D:5      | Noticed Prince Ribbit
  4072 | D:5      | XOM: fake destruction
  4073 | D:5      | XOM: confuse monster(s)
  4084 | D:5      | Killed Prince Ribbit
  4084 | D:5      | Reached skill level 8 in Short Blades
  4193 | D:5      | Found an iron altar of Okawaru.
  4274 | D:5      | XOM: vitrification
  4354 | D:6      | XOM: god gift: 3 scrolls of recharging
  4358 | D:6      | Noticed Eustachio
  4368 | D:6      | XOM: 1-stop teleportation journey
  4416 | D:6      | XOM is BORED!
  4416 | D:6      | XOM: confusion (+ monsters)
  4421 | D:6      | Killed Eustachio
  4421 | D:6      | Reached XP level 9. HP: 45/45 MP: 12/12
  4666 | D:6      | Learned a level 2 spell: Swiftness
  4675 | D:6      | XOM: god gift: 37 gold pieces
  4804 | D:4      | Bought an onyx ring for 115 gold pieces
  4804 | D:4      | Bought a scroll of identify for 46 gold pieces
  4926 | D:6      | XOM: harmless Hex miscast
  5031 | D:6      | XOM: harmless Divn miscast
  5035 | D:6      | Reached skill level 9 in Short Blades
  5202 | D:7      | Noticed Pikel
  5211 | D:7      | XOM: harmless Air miscast
  5219 | D:7      | XOM: mild Hex miscast
  5223 | D:7      | Killed Pikel
  5223 | D:7      | Reached skill level 10 in Short Blades
  5370 | D:7      | XOM: mild Tloc miscast
  5462 | D:7      | XOM: god gift: glowing papyrus book {god gift}
  5654 | D:7      | XOM: polymorph orc wizard -> killer bee
  5736 | D:7      | XOM: divination: magic mapping
  5876 | D:7      | XOM: summons 2 friendly demons
  5940 | D:7      | XOM: silly message
  5964 | D:7      | Reached skill level 11 in Short Blades
  5964 | D:7      | Reached XP level 10. HP: 47/49 MP: 13/13
  6228 | D:8      | XOM: enchant monster (bad)
  6298 | D:8      | XOM: cast spell 'Excruciating Wounds'
  6556 | D:8      | XOM: summons friendly quasit
  6667 | D:8      | Found a shimmering altar of Xom.
  6797 | D:8      | XOM is BORED!
  6797 | D:8      | XOM: mild Trmt miscast
  7190 | D:9      | XOM: butterfly on damage
  7245 | D:9      | XOM: confuse monster(s)
  7354 | D:9      | XOM: cast spell 'Monstrous Menagerie'
  7482 | D:9      | Reached skill level 5 in Fighting
  7561 | D:9      | XOM: harmless Pois miscast
  7635 | D:9      | Found a sparkling altar of Nemelex Xobeh.
  7770 | D:9      | Found a blossoming altar of Fedhas.
  7771 | D:9      | Found a stormy altar of Qazlal.
  7798 | D:9      | Found a glowing silver altar of Zin.
  8004 | D:10     | Entered Level 10 of the Dungeon
  8295 | D:10     | XOM: confuse monster(s)
  8302 | D:10     | Found a shadowy altar of Dithmenos.
  8358 | D:10     | XOM: harmless Necr miscast
  8447 | D:10     | XOM: cast spell 'Summon Swarm'
  8884 | D:10     | XOM: vitrification
  8922 | D:11     | Found a staircase to the Lair.
  8931 | D:11     | Reached XP level 11. HP: 53/56 MP: 14/14
  8949 | D:11     | Reached skill level 5 in Armour
  8986 | D:11     | XOM: swap monsters
  8993 | D:11     | XOM: confuse monster(s)
  9073 | D:11     | Reached skill level 5 in Dodging
  9091 | D:11     | XOM: divination: detect creatures
  9111 | D:11     | XOM: mild Pois miscast
  9128 | D:11     | XOM: blink monster(s)
  9189 | D:11     | Found a staircase to the Orcish Mines.
  9430 | D:11     | XOM: vitrification
  9478 | D:11     | XOM: noise
  9497 | D:11     | XOM: noise
  9498 | D:11     | XOM: divine lightning (protected)
  9511 | D:11     | XOM: swap monsters
  9567 | D:11     | XOM: 3-stop teleportation journey
  9702 | D:11     | XOM: fog
  9713 | D:11     | XOM: polymorph sky beast -> spider
  9775 | D:11     | Noticed a hill giant
  9792 | D:11     | Killed a hill giant
  9861 | D:11     | XOM: confuse monster(s)
 10223 | D:11     | XOM: harmless Air miscast
 10352 | D:12     | Noticed Gruud's ghost (powerful DsNe)
 10355 | D:12     | XOM: noise
 10363 | D:12     | XOM: polymorph water moccasin -> golden eye
 10420 | D:11     | XOM: destruction
 10625 | D:12     | Noticed a hill giant
 10629 | D:12     | XOM: confusion (+ monsters)
 10646 | D:12     | Killed a hill giant
 10797 | D:12     | XOM: colour smoke trail
 10837 | D:12     | Found a frozen archway.
 10840 | D:12     | XOM: swap monsters
 10844 | D:12     | XOM: summons friendly hellwing
 10904 | IceCv    | Entered an ice cave
 10925 | IceCv    | XOM: give mutations
 10925 | IceCv    | Gained mutation: You evolve. [Xom's mischief]
 10925 | IceCv    | Gained mutation: You are clumsy. (Dex -2) [Xom's mischief]
 10976 | IceCv    | XOM: cast spell 'Metabolic Englaciation'
 11047 | IceCv    | XOM: mild Conj miscast
 11079 | IceCv    | Noticed an ice statue
 11079 | IceCv    | Noticed an ice statue
 11091 | IceCv    | XOM: noise
 11099 | IceCv    | XOM: confuse monster(s)
 11101 | IceCv    | Killed an ice statue
 11101 | IceCv    | Gained mutation: You regenerate. [Vine Stalker growth]
 11101 | IceCv    | Reached XP level 12. HP: 63/65 MP: 15/15
 11161 | IceCv    | XOM: cast spell 'Spider Form'
 11164 | IceCv    | Gained mutation: You are dopey. (Int -2) [evolution]
 11258 | IceCv    | Killed an ice statue
 11258 | IceCv    | XOM: cast spell 'Statue Form'
 11295 | IceCv    | XOM: harmless Air miscast
 11373 | IceCv    | XOM: divination: magic mapping
 11374 | IceCv    | XOM: harmless Air miscast
 11392 | IceCv    | HP: 1/65 [blue devil (8)]
 11552 | IceCv    | XOM: confuse monster(s)
 11576 | IceCv    | XOM: polymorph blue devil -> sixfirhy
 11596 | IceCv    | XOM: summons 2 friendly demons
 11629 | IceCv    | XOM: blink monster(s)
 11649 | IceCv    | XOM: cast spell 'Monstrous Menagerie'
 11733 | IceCv    | XOM: cast spell 'Conjure Ball Lightning'
 11736 | IceCv    | Noticed an ice devil
 11760 | IceCv    | XOM: give mutations
 11760 | IceCv    | Gained mutation: You are resistant to electric shocks. [Xom's grace]
 11760 | IceCv    | Gained mutation: Your system is resistant to poisons. [Xom's grace]
 11760 | IceCv    | Gained mutation: You have a pair of small horns on your head. [Xom's grace]
 11760 | IceCv    | Gained mutation: Your flesh is cold resistant. [Xom's grace]
 11795 | IceCv    | XOM: god gift: paperback book {god gift}
 11836 | IceCv    | XOM: summons 12 friendly demons
 11842 | IceCv    | Noticed an ice devil
 11879 | IceCv    | XOM: divination: detect items
 11897 | IceCv    | Killed an ice devil
 11958 | IceCv    | XOM: summons friendly iron imp
 11965 | IceCv    | XOM: cast spell 'Death Channel'
 11967 | IceCv    | XOM: potion effect (agility)
 11984 | IceCv    | Killed an ice devil
 12008 | IceCv    | XOM: silly message
 12049 | IceCv    | XOM: potion effect (brilliance)
 12080 | IceCv    | XOM: fake destruction
 12178 | IceCv    | Identified the Collected Works on Black Rites and Enhancements
 12400 | D:12     | XOM: smoke on damage
 12404 | D:12     | XOM: noise
 12405 | D:12     | Reached skill level 1 in Shields
 12454 | D:12     | Noticed a hill giant
 12456 | D:12     | XOM: chaos upgrade
 12468 | D:12     | Killed a hill giant
 12709 | D:12     | XOM: noise
 13054 | D:12     | XOM: confuse monster(s)
 13057 | D:12     | Killed Gruud's ghost
 13089 | Lair:1   | Entered Level 1 of the Lair of Beasts
 13119 | Lair:1   | XOM: 1-stop teleportation journey
 13507 | Lair:1   | Identified 3 scrolls of acquirement
 13517 | Lair:1   | Got a twisted crystal plate armour
 13518 | Lair:1   | Identified the +1 crystal plate armour of Context {Dex+4} (You acquired it on level 1 of the Lair of Beasts)
 13649 | Lair:1   | XOM: swap monsters
 13679 | Lair:1   | XOM: enchant monster (good)
 13728 | Lair:1   | Noticed a four-headed hydra
 13735 | Lair:1   | XOM: chaos cloud
 13739 | Lair:1   | Killed a four-headed hydra
 14119 | Lair:2   | XOM: severe Air miscast
 14173 | Lair:2   | XOM: colour smoke trail
 14317 | Lair:2   | XOM: chaos cloud
 14352 | Lair:2   | Reached XP level 13. HP: 68/70 MP: 16/16
 14366 | Lair:2   | XOM: chaos cloud
 14581 | Lair:2   | Found a blossoming altar of Fedhas.
 14609 | Lair:2   | Gained mutation: You are surrounded by a mild repulsion field (EV +2). [evolution]
 14867 | Lair:3   | XOM: noise
 14878 | Lair:3   | XOM: harmless Divn miscast
 15001 | Lair:3   | Reached skill level 10 in Dodging
 15024 | Lair:3   | XOM: give mutations
 15024 | Lair:3   | Gained mutation: You are partially covered in iridescent scales (AC +4). [Xom's grace]
 15024 | Lair:3   | Lost mutation: You evolve. [Xom's grace]
 15024 | Lair:3   | Gained mutation: You are somewhat resistant to further mutation. [Xom's grace]
 15024 | Lair:3   | Gained mutation: Your spells are a little harder to cast, but a little more powerful. [Xom's grace]
 15024 | Lair:3   | Gained mutation: You are partially covered in icy blue scales (AC +1). [Xom's grace]
 15112 | Lair:3   | XOM: divination: detect creatures
 15199 | Lair:3   | XOM: summons friendly crimson imp
 15200 | Lair:3   | XOM: god gift: falchion {god gift}
 15329 | Lair:3   | XOM: swap monsters
 15534 | Lair:3   | XOM: destruction
 15538 | Lair:3   | XOM: summons friendly white imp
 15554 | Lair:3   | XOM: confuse monster(s)
 15556 | Lair:3   | Reached skill level 10 in Fighting
 15983 | Lair:4   | XOM: polymorph four-headed hydra -> entropy weaver
 16015 | Lair:4   | HP: 1/72 [entropy weaver (5)]
 16016 | Lair:4   | XOM: god gift: dog-eared papyrus book {god gift}
 16130 | Lair:4   | XOM: enchant monster (good)
 16159 | Lair:4   | XOM: confuse monster(s)
 16277 | Lair:4   | XOM: summons friendly quasit
 16290 | Lair:4   | XOM: vitrification
 16431 | Lair:4   | XOM: potion effect (haste)
 16441 | Lair:4   | XOM: enchant monster (bad)
 16448 | Lair:4   | XOM: noise
 16492 | Lair:4   | XOM: cast spell 'Metabolic Englaciation'
 16604 | Lair:4   | Found a burning altar of Makhleb.
 16703 | Lair:4   | XOM: 4-stop teleportation journey
 16732 | Lair:4   | XOM: cast spell 'Excruciating Wounds'
 16742 | Lair:4   | Learned a level 3 spell: Regeneration
 16915 | Lair:4   | XOM: colour smoke trail
 17000 | Lair:5   | XOM: severe Trmt miscast
 17000 | Lair:5   | Gained mutation: You occasionally shout uncontrollably at your foes. [the severe capriciousness of Xom]
 17050 | Lair:5   | XOM: give mutation
 17050 | Lair:5   | Gained mutation: You can translocate small distances at will. [Xom's grace]
 17060 | Lair:5   | Reached skill level 1 in Necromancy
 17215 | Lair:5   | Noticed Nessos
 17215 | Lair:5   | XOM: enchant monster (good)
 17222 | Lair:5   | XOM: mild Hex miscast
 17227 | Lair:5   | XOM: cast spell 'Conjure Ball Lightning'
 17230 | Lair:5   | XOM: enchant monster (good)
 17243 | Lair:5   | XOM: summons 3 friendly demons
 17246 | Lair:5   | Killed Nessos
 17253 | Lair:5   | XOM: noise
 17569 | Lair:5   | Found a staircase to the Snake Pit.
 17705 | Lair:5   | Found a staircase to the Shoals.
 17743 | Lair:5   | Gained mutation: Your flesh is heat resistant. [potion of mutation]
 17792 | Lair:6   | XOM: confuse monster(s)
 17806 | Lair:6   | Reached skill level 5 in Necromancy
 17822 | Lair:6   | XOM: cast spell 'Blink'
 17831 | Lair:6   | XOM: confuse monster(s)
 17915 | Lair:6   | XOM: enchant monster (good)
 17932 | Lair:6   | Reached XP level 14. HP: 77/77 MP: 17/17
 17972 | Lair:6   | XOM: summons 2 friendly demons
 18227 | Lair:6   | XOM: cast spell 'Necromutation'
 18267 | Lair:6   | Found a blossoming altar of Fedhas.
 18395 | Lair:6   | XOM: destruction
 18632 | Lair:6   | XOM: divination: magic mapping
 18879 | Lair:7   | XOM: cast spell 'Confusing Touch'
 18886 | Lair:7   | XOM: enchant monster (good)
 18901 | Lair:7   | XOM: mild Erth miscast
 18972 | Lair:7   | XOM: divination: detect items
 19222 | Lair:7   | XOM: smoke on damage
 19591 | Lair:8   | Entered Level 8 of the Lair of Beasts
 19645 | Lair:7   | XOM: cast spell 'Blink'
 19653 | Lair:7   | XOM: harmless Conj miscast
 19676 | Lair:7   | Reached skill level 12 in Dodging
 19690 | Lair:7   | XOM: smoke on damage
 19762 | Lair:7   | XOM: divination: detect creatures
 19766 | Lair:7   | XOM: confuse monster(s)
 19818 | Lair:8   | XOM: blink monster(s)
 19853 | Lair:8   | XOM: harmless Conj miscast
 19895 | Lair:8   | Got a pair of twisted gloves
 19906 | Lair:8   | Identified the cursed -1 pair of gloves of the Cricket {+Inv rF+++ Str+4 Slay-3} (You found it on level 8 of the Lair of Beasts)
 19949 | Lair:8   | XOM: cast spell 'Blink'
 19956 | Lair:8   | XOM: enchant monster (good)
 20129 | Lair:8   | XOM: harmless Fire miscast
 20137 | Lair:8   | Learned a level 1 spell: Apportation
 20195 | Lair:7   | Learned a level 2 spell: Blink
 20217 | Lair:8   | XOM: harmless Summ miscast
 20240 | Lair:7   | XOM: potion effect (agility)
 20269 | Lair:8   | XOM: destruction
 20281 | Lair:8   | XOM: potion effect (agility)
 20295 | Lair:8   | XOM: fog
 20338 | Lair:8   | XOM: chaos cloud
 20339 | Lair:8   | XOM: potion effect (berserk rage)
 20402 | Lair:8   | Got a warped platinum ring
 20440 | Lair:8   | XOM: potion effect (might)
 20451 | Lair:8   | Identified the ring of Ecou {Wiz *Contam rPois rC+ Slay+6} (You found it on level 8 of the Lair of Beasts)
 20532 | Lair:8   | Found a staircase to the Slime Pits.
 20542 | Lair:8   | XOM: divination: detect creatures
 20544 | Lair:8   | XOM: harmless Summ miscast
 20558 | Lair:8   | XOM: confusion
 20566 | Lair:8   | XOM: destruction
 20574 | Lair:8   | XOM: silly message
 20593 | Lair:8   | XOM: colour smoke trail
 20610 | Lair:8   | Reached skill level 13 in Dodging
 20664 | Lair:8   | Reached XP level 15. HP: 84/84 MP: 18/18
 20776 | Lair:8   | XOM: noise
 20782 | Lair:8   | XOM: confuse monster(s)
 20998 | Lair:8   | XOM: silly message
 21023 | Lair:8   | XOM: summons 4 hostile shadow creatures
 21102 | Lair:7   | XOM: harmless Summ miscast
 21316 | Orc:1    | Entered Level 1 of the Orcish Mines
 21414 | Orc:1    | Found a roughly hewn altar of Beogh.
 21630 | Orc:2    | Found a flagged portal.
 21640 | Bailey   | Entered a bailey
 21693 | Bailey   | XOM: blink monster(s)
 21706 | Bailey   | Found a bloodstained altar of Trog.
 21717 | Bailey   | Got a dazzling scale mail
 21736 | Bailey   | Identified the +6 scale mail "Caff" {rPois Int+4 Dex+2} (You found it in a bailey)
 22141 | Orc:3    | Found Ugiddar's Food Shop.
 22142 | Orc:3    | Found Ylatza's General Store.
 22172 | Orc:3    | Bought a scroll of blinking for 105 gold pieces
 22177 | Orc:3    | Found Kaesaez's Jewellery Boutique.
 22222 | Orc:3    | XOM: medium Summ miscast
 22318 | Orc:3    | Found a bloodstained altar of Trog.
 22572 | Orc:3    | XOM: stat loss: -1 Int (14/15)
 22736 | Orc:3    | XOM: medium Conj miscast
 22794 | Orc:3    | Found Mifyatim's Assorted Antiques.
 22800 | Orc:3    | Bought a scroll of enchant armour for 247 gold pieces
 22827 | Orc:4    | Entered Level 4 of the Orcish Mines
 22833 | Orc:4    | XOM: silly message
 22856 | Orc:4    | XOM: mild Hex miscast
 22899 | Orc:4    | XOM: noise
 22930 | Orc:4    | XOM: polymorph orc wizard -> wolf
 22933 | Orc:4    | Noticed Nergalle
 22964 | Orc:4    | XOM: confusion (+ monsters)
 22991 | Orc:4    | XOM: medium Summ miscast
 23064 | Orc:4    | Killed Nergalle
 23171 | Orc:4    | XOM: draining
 23192 | Orc:4    | Found a roughly hewn altar of Beogh.
 23194 | Orc:4    | XOM: summons 4 friendly demons
 23252 | Orc:4    | XOM: chaos upgrade
 23331 | Orc:4    | Found Xyckuhel's Antique Weapon Shoppe.
 23376 | Orc:4    | Found Dagetu's General Store.
 23422 | Orc:4    | Found Ruezum's Antique Armour Shoppe.
 23429 | Orc:4    | Bought a glowing hat for 120 gold pieces
 23540 | Orc:4    | Found Idweloj's Jewellery Shoppe.
 23546 | Orc:4    | Bought an uncursed amulet of resist corrosion for 240 gold pieces
 23653 | Orc:4    | XOM: destruction
 23781 | Orc:4    | Found a staircase to the Elven Halls.
 23892 | Orc:4    | XOM: mild Ice miscast
 23913 | Orc:4    | XOM: give mutations
 23913 | Orc:4    | Lost mutation: You are partially covered in iridescent scales (AC +4). [Xom's mischief]
 23913 | Orc:4    | Lost mutation: Your spells are a little harder to cast, but a little more powerful. [Xom's mischief]
 23913 | Orc:4    | Lost mutation: Your flesh is heat resistant. [Xom's mischief]
 24099 | Orc:3    | Bought a crude chain mail for 313 gold pieces
 24109 | Orc:3    | Identified the +1 chain mail of the Original Sin {Str+3} (You bought it in a shop on level 3 of the Orcish Mines)
 24202 | Lair:1   | XOM: cast spell 'Spider Form'
 24212 | Lair:1   | XOM is BORED!
 24212 | Lair:1   | XOM: mild Summ miscast
 24367 | Snake:1  | Entered Level 1 of the Snake Pit
 24385 | Snake:1  | XOM: cast spell 'Death Channel'
 24554 | Snake:1  | XOM: 2-stop teleportation journey
 24749 | Snake:1  | XOM: summons 2 friendly demons
 25109 | Snake:2  | XOM: silly message
 25111 | Snake:2  | XOM: swap monsters
 25116 | Snake:2  | Reached skill level 5 in Shields
 25204 | Snake:2  | XOM: confuse monster(s)
 25294 | Snake:2  | XOM: colour smoke trail
 25301 | Snake:2  | XOM: potion effect (agility)
 25336 | Snake:2  | XOM is BORED!
 25336 | Snake:2  | XOM: mild Summ miscast
 25370 | Snake:2  | Got a polished cloak
 25389 | Snake:2  | Identified the cursed +0 cloak "Guchooclaud" {rF+ rC+ rN+} (You found it on level 2 of the Snake Pit)
 25444 | Snake:2  | XOM: potion effect (agility)
 25447 | Snake:2  | XOM: confuse monster(s)
 25456 | Snake:2  | XOM: divination: magic mapping
 25475 | Snake:2  | XOM: potion effect (agility)
 25506 | Snake:2  | XOM: potion effect (agility)
 25560 | Snake:2  | Reached XP level 16. HP: 74/90 MP: 19/19
 25573 | Snake:2  | XOM: potion effect (haste)
 25613 | Snake:2  | XOM: confuse monster(s)
 25624 | Snake:2  | XOM: confuse monster(s)
 25625 | Snake:2  | XOM: mild Pois miscast
 25682 | Snake:2  | XOM: summons friendly crimson imp
 25687 | Snake:2  | XOM: polymorph crimson imp -> quasit
 25705 | Snake:2  | XOM: colour smoke trail
 25707 | Snake:2  | XOM: medium Trmt miscast
 25772 | Snake:2  | XOM: confuse monster(s)
 25977 | Snake:3  | XOM: stealth player
 25982 | Snake:3  | Found Maaplaoc's Antique Weapon Shoppe.
 25991 | Snake:3  | Bought the +6 scimitar of Flaming Death {sticky flame, rPois rF++ rC- MR+} for 1806 gold pieces
 26033 | Snake:3  | XOM: enchant monster (good)
 26038 | Snake:3  | XOM: cast spell 'Conjure Ball Lightning'
 26041 | Snake:3  | XOM: silly message
 26053 | Snake:3  | XOM: noise
 26053 | Snake:3  | XOM: smoke on damage
 26066 | Snake:3  | XOM: cast spell 'Blink'
 26076 | Snake:3  | XOM: confusion
 26118 | Snake:3  | XOM: summons 14 friendly demons
 26148 | Snake:3  | Reached skill level 10 in Shields
 26251 | Snake:3  | Found Kuidobid's Food Boutique.
 26279 | Snake:3  | Found Buafirigha's Gadget Shop.
 26319 | Snake:3  | XOM: summons friendly crimson imp
 26376 | Snake:3  | Found Iraosomn's Antique Weapon Shoppe.
 26457 | Snake:3  | XOM: polymorph crimson imp -> quasit
 26522 | Snake:3  | XOM: mild Summ miscast
 27042 | Snake:4  | Entered Level 4 of the Snake Pit
 27071 | Snake:4  | XOM: summons 12 friendly demons
 27073 | Snake:4  | XOM: mild Trmt miscast
 27171 | Snake:4  | XOM: blink monster(s)
 27183 | Snake:4  | XOM: cast spell 'Summon Horrible Things'
 27222 | Snake:4  | XOM: confusion (+ monsters)
 27267 | Snake:4  | XOM: mild Hex miscast
 27273 | Snake:4  | XOM: enchant monster (bad)
 27275 | Snake:4  | XOM: summons friendly quasit
 27286 | Snake:4  | XOM: confusion
 27322 | Snake:4  | Found Eweats's Gadget Shop.
 27322 | Snake:4  | XOM: 3-stop teleportation journey
 27397 | Snake:4  | XOM: potion effect (invisibility)
 27398 | Snake:4  | XOM: potion effect (magic)
 27402 | Snake:4  | XOM: cast spell 'Warp Weapon'
 27530 | Snake:4  | XOM: polymorph naga warrior -> anubis guard
 27534 | Snake:4  | XOM: divination: detect creatures
 27537 | Snake:4  | XOM: cast spell 'Excruciating Wounds'
 27544 | Snake:4  | XOM: summons friendly ufetubus
 27641 | Snake:4  | XOM: potion effect (might)
 27647 | Snake:4  | Reached XP level 17. HP: 76/94 MP: 18/20
 27745 | Snake:4  | XOM: potion effect (invisibility)
 27768 | Snake:4  | XOM: vitrification
 27915 | Snake:4  | XOM: confuse monster(s)
 27920 | Snake:4  | XOM: medium Conj miscast
 27984 | Snake:4  | XOM: blink monster(s)
 27986 | Snake:4  | XOM: blink monster(s)
 28005 | Snake:4  | XOM: summons 7 hostile demons
 28019 | Snake:4  | XOM: blink monster(s)
 28033 | Snake:4  | XOM: torment (55/94 hp)
 28040 | Snake:4  | XOM: noise
 28072 | Snake:4  | XOM: polymorph shadow imp -> quasit
 28094 | Snake:4  | XOM: summons 10 friendly demons
 28110 | Snake:4  | XOM: cast spell 'Blink'
 28118 | Snake:4  | XOM: divination: detect creatures
 28140 | Snake:4  | XOM: polymorph naga -> ice beast
 28146 | Snake:4  | Reached skill level 14 in Shields
 28155 | Snake:4  | XOM: snakes to sticks
 28175 | Snake:4  | XOM: summons friendly shadow imp
 28325 | Snake:4  | XOM: snakes to sticks
 28352 | Snake:4  | Got a serpentine rune of Zot
 28616 | Snake:4  | Upgraded the game from 0.17-a0-1411-g06ff558 to 0.17-a0-1435-geafbe2f
 28765 | Shoals:1 | Entered Level 1 of the Shoals
 28768 | Shoals:1 | XOM: swap monsters
 28882 | Shoals:2 | XOM: fog
 28892 | Shoals:2 | Reached skill level 15 in Shields
 28892 | Shoals:2 | XOM: divine lightning
 28894 | Shoals:2 | Found Pilaaweo's Distillery.
 28894 | Shoals:2 | XOM: 5-stop teleportation journey
 28901 | Shoals:2 | XOM: potion effect (haste)
 28947 | Shoals:1 | XOM: mild Erth miscast
 29101 | Shoals:2 | XOM: confuse monster(s)
 29169 | Shoals:2 | Learned a level 6 spell: Deflect Missiles
 29200 | Shoals:2 | XOM: summons friendly white imp
 29202 | Shoals:2 | XOM: snakes to sticks
 29226 | Shoals:2 | XOM: give mutation
 29226 | Shoals:2 | Gained mutation: You have large cloven feet. [Xom's grace]
 29333 | Shoals:3 | XOM: fake destruction
 29351 | Shoals:3 | XOM: smoke on damage
 29354 | Shoals:3 | XOM: summons friendly white imp
 29508 | Shoals:3 | XOM: enchant monster (good)
 29514 | Shoals:3 | XOM: divine lightning (protected)
 29544 | Shoals:3 | Found Ifi Xyiw's Antique Armour Emporium.
 29552 | Shoals:3 | Bought a pair of faintly humming gloves for 351 gold pieces
 29552 | Shoals:3 | Identified the cursed +0 pair of gloves of Autotheism {*Corrode rElec rC- Dex+4} (You bought it in a shop on level 3 of the Shoals)
 29556 | Shoals:3 | Bought a pair of glowing gloves for 166 gold pieces
 29592 | Shoals:3 | Reached XP level 18. HP: 89/100 MP: 21/21
 29641 | Shoals:3 | XOM: summons friendly white imp
 29660 | Shoals:3 | XOM: vitrification
 29747 | Shoals:3 | XOM: summons friendly neqoxec
 29996 | Shoals:4 | Entered Level 4 of the Shoals
 30013 | Shoals:4 | XOM: swap monsters
 30014 | Shoals:4 | XOM: fog
 30015 | Shoals:4 | XOM: god gift: scroll of holy word
 30023 | Shoals:4 | XOM: summons 16 friendly demons
 30181 | Shoals:4 | XOM: 8-stop teleportation journey
 30234 | Shoals:4 | XOM: summons friendly crimson imp
 30290 | Shoals:4 | Noticed Ilsuiw
 30318 | Shoals:4 | Killed Ilsuiw
 30393 | Shoals:4 | XOM: cast spell 'Summon Dragon'
 30405 | Shoals:4 | Learned a level 1 spell: Summon Butterflies
 30538 | Shoals:4 | XOM: 3-stop teleportation journey
 30542 | Shoals:4 | XOM: summons friendly iron imp
 30590 | Shoals:3 | XOM: colour smoke trail
 30607 | Shoals:4 | XOM: summons 3 friendly demons
 30664 | Shoals:4 | XOM: fog
 30685 | Shoals:4 | XOM: cast spell 'Summon Horrible Things'
 30766 | Shoals:4 | XOM: enchant monster (good)
 30926 | Shoals:4 | XOM: summons 2 friendly demons
 30929 | Shoals:4 | XOM: smoke on damage
 30934 | Shoals:4 | XOM: noise
 30941 | Shoals:4 | XOM: enchant monster (good)
 30942 | Shoals:4 | XOM: enchant monster (good)
 30971 | Shoals:4 | Got a barnacled rune of Zot
 31344 | Elf:1    | XOM: stealth player
 31344 | Elf:1    | Entered Level 1 of the Elven Halls
 31361 | Elf:1    | XOM: summons 16 friendly demons
 31383 | Elf:1    | XOM: severe Hex miscast
 31388 | Elf:1    | Gained mutation: You are frail (-10% HP). [mutagenic glow]
 31445 | Elf:1    | XOM: cast spell 'Death Channel'
 31461 | Elf:1    | XOM: enchant monster (good)
 31780 | Elf:1    | XOM: colour smoke trail
 31835 | Elf:1    | XOM: god gift: potion of degeneration
 31919 | Elf:1    | XOM: summons 2 friendly demons
 31930 | Elf:1    | XOM: summons 2 friendly demons
 31938 | Elf:1    | Reached skill level 15 in Dodging
 31939 | Elf:1    | XOM: enchant monster (good)
 32119 | Elf:1    | XOM: god gift: 45 gold pieces
 32123 | Elf:1    | XOM: colour smoke trail
 32160 | Elf:2    | Found Etoso's Weapon Shop.
 32213 | Elf:2    | Reached XP level 19. HP: 96/96 MP: 22/22
 32487 | Elf:2    | Found a huge runed gate.
 32487 | Elf:2    | Found a huge runed gate.
 32487 | Elf:2    | Found a huge runed gate.
 32487 | Elf:2    | Found a huge runed gate.
 32495 | Elf:2    | Found a huge runed gate.
 32596 | Elf:2    | XOM: 7-stop teleportation journey
 32817 | Elf:2    | XOM: 1-stop teleportation journey
 32926 | Elf:2    | XOM: scenery: 2 doors close
 32938 | Elf:3    | Entered Level 3 of the Elven Halls
 32945 | Elf:3    | Found Unatz's Gadget Boutique.
 32984 | Elf:3    | XOM: 4-stop teleportation journey
 33039 | Elf:3    | XOM: smoke on damage
 33130 | Elf:3    | XOM: scenery: 1 doors close
 33152 | Elf:3    | XOM: silly message
 33233 | Elf:3    | Got a shimmering iron ring
 33235 | Elf:3    | Identified the ring of Vuwittal {+/*Tele rF+ rC+ Int+5} (You found it on level 3 of the Elven Halls)
 33488 | Elf:3    | XOM: potion effect (haste)
 33490 | Elf:3    | XOM: divination: detect creatures
 33494 | Elf:3    | XOM: divination: detect creatures
 33509 | Elf:3    | XOM: potion effect (brilliance)
 33588 | Elf:3    | Reached skill level 15 in Fighting
 33649 | Elf:3    | XOM: potion effect (experience)
 33649 | Elf:3    | Reached XP level 20. HP: 101/101 MP: 23/23
 33726 | Elf:3    | XOM: harmless Hex miscast
 33733 | Elf:3    | XOM: god gift: bread ration
 33740 | Elf:3    | XOM: swap monsters
 33984 | Elf:3    | XOM: divination: detect creatures
 33993 | Elf:3    | XOM: chaos upgrade
 34003 | Elf:3    | Reached skill level 10 in Armour
 34117 | Elf:3    | XOM: divination: detect creatures
 34189 | Elf:3    | XOM: potion effect (haste)
 34220 | Elf:3    | Got a steaming chain mail
 34239 | Elf:3    | Identified the cursed +1 chain mail "Labemn" {Int+4} (You found it on level 3 of the Elven Halls)
 34260 | Elf:3    | Identified the Volume of Flight
 34334 | Elf:3    | Got an ancient copper ring
 34349 | Elf:3    | XOM: divination: detect creatures
 34391 | Elf:3    | Identified Sif Muna's Almanac of Attacks
 34415 | Elf:3    | Got a faintly humming plate armour
 34426 | Elf:3    | Identified the +3 plate armour of Lifelessness {rElec Int-5 Dex+4} (You found it on level 3 of the Elven Halls)
 34446 | Elf:3    | Identified the ring of Hospitality {rElec rF+ Int+8 Slay-3 Stlth+} (You took it off a deep elf master archer on level 3 of the Elven Halls)
 34453 | Elf:3    | Identified the Volume of Earth (You found it on level 3 of the Elven Halls)
 34500 | Elf:3    | XOM: silly message
 34531 | Elf:3    | XOM: divination: detect creatures
 34837 | D:13     | Found a large runed door.
 34843 | D:13     | XOM: potion effect (berserk rage)
 34854 | D:13     | Found a large runed door.
 34855 | D:13     | XOM: blink monster(s)
 34862 | D:13     | Found a large runed door.
 34863 | D:13     | Found a large runed door.
 34863 | D:13     | Found a large runed door.
 34997 | D:13     | Found a large runed door.
 35005 | D:13     | Found a large runed door.
 35068 | D:13     | XOM: noise
 35102 | D:13     | XOM: enchant monster (bad)
 35186 | D:13     | Reached skill level 16 in Dodging
 35272 | D:13     | Found a gate to the Vaults.
 35274 | D:13     | XOM: noise
 35389 | D:13     | Found a large runed door.
 35404 | D:13     | XOM: mild Necr miscast
 35653 | D:14     | XOM: potion effect (berserk rage)
 35660 | D:14     | XOM: god gift: shortbow {god gift}
 35674 | D:14     | XOM: god gift: ivory wand {god gift}
 35805 | D:14     | Noticed Rupert
 35808 | D:14     | XOM: summons friendly white imp
 35819 | D:14     | XOM: god gift: meat ration
 35822 | D:14     | Killed Rupert
 35835 | D:14     | XOM: cast spell 'Necromutation'
 35840 | D:14     | Reached XP level 21. HP: 107/107 MP: 24/24
 35927 | D:14     | Found Teoleipn's Food Emporium.
 36011 | D:14     | Learned a level 2 spell: Stoneskin
 36093 | D:14     | You fall through a shaft!
 36093 | D:15     | Entered Level 15 of the Dungeon
 36301 | D:15     | Found a staircase to the Depths.
 36301 | D:15     | XOM: enchant monster (good)
 36383 | D:15     | XOM: divination: detect items
 36423 | D:15     | XOM: give mutation
 36423 | D:15     | Gained mutation: You have a somewhat thin skeletal structure (Dex +2, Stealth). [Xom's grace]
 37064 | D:14     | Upgraded the game from 0.17-a0-1435-geafbe2f to 0.17-a0-1442-g10bb59b
 37140 | Vaults:1 | Entered Level 1 of the Vaults
 37248 | Vaults:1 | XOM: divine lightning (protected)
 37251 | Vaults:1 | XOM: fake destruction
 37255 | Vaults:1 | XOM: summons 2 friendly demons
 37264 | Vaults:1 | XOM: divination: magic mapping
 37306 | Vaults:1 | XOM: potion effect (might)
 37309 | Vaults:1 | XOM: potion effect (invisibility)
 37382 | Vaults:1 | Got a slimy ring mail
 37396 | Vaults:1 | Identified the +0 ring mail "Ocugom" {rC+ Dex+2} (You found it on level 1 of the Vaults)
 37429 | Vaults:1 | Noticed Saint Roka
 37449 | Vaults:1 | Killed Saint Roka
 37538 | Vaults:1 | XOM: destruction
 37693 | Vaults:1 | XOM: summons 2 friendly demons
 37802 | Vaults:1 | XOM: fog
 37880 | Vaults:1 | XOM: summons friendly quasit
 37883 | Vaults:1 | XOM: fog
 37884 | Vaults:1 | XOM: potion effect (berserk rage)
 37903 | Vaults:1 | XOM: harmless Pois miscast
 37909 | Vaults:1 | XOM: chaos cloud
 37912 | Vaults:1 | Paralysed by you for 3 turns
 37924 | Vaults:1 | XOM: 4-stop teleportation journey
 37925 | Vaults:1 | Noticed Asterion
 37927 | Vaults:1 | XOM: mild Divn miscast
 37942 | Vaults:1 | Killed Asterion
 37943 | Vaults:1 | XOM: torment (70/108 hp)
 37955 | Vaults:1 | XOM: noise
 37961 | Vaults:1 | Noticed Aizul
 37965 | Vaults:1 | XOM: chaos cloud
 37966 | Vaults:1 | XOM: mild Pois miscast
 37969 | Vaults:1 | Paralysed by you for 6 turns
 37969 | Vaults:1 | XOM: fake destruction
 37978 | Vaults:1 | Killed Aizul
 37997 | Vaults:1 | XOM: confuse monster(s)
 38037 | Vaults:1 | Lost mutation: You are dopey. (Int -2) [mutagenic glow]
 38192 | Vaults:1 | XOM: chaos upgrade
 38196 | Vaults:1 | Reached skill level 10 in Necromancy
 38282 | Vaults:1 | XOM: enchant monster (good)
 38298 | Vaults:1 | Got a fabulously ornate robe
 38318 | Vaults:1 | Identified the +2 robe of the Flute {rF- Int-4 Dex+9} (You found it on level 1 of the Vaults)
 38372 | Vaults:1 | Found a radiant altar of Vehumet.
 38383 | Vaults:1 | Reached skill level 17 in Dodging
 38394 | Vaults:1 | Got an ancient hat
 38405 | Vaults:1 | Identified the +0 hat of Xom {rElec rC+} (You found it on level 1 of the Vaults)
 38494 | Vaults:1 | Got an ichor-stained hat
 38505 | Vaults:1 | Identified the +2 hat of Dawn {rElec Regen+} (You found it on level 1 of the Vaults)
 38698 | Vaults:1 | XOM: god gift: wand of flame {god gift}
 38728 | Vaults:1 | XOM: harmless Summ miscast
 38838 | Vaults:1 | XOM: cast spell 'Blink'
 38848 | Vaults:1 | XOM: god gift: antique book {god gift}
 38852 | Vaults:1 | Identified Xom's Incunabulum of the Countless Curses (Xom gifted it to you on level 1 of the Vaults)
 39037 | Vaults:1 | XOM: confuse monster(s)
 39073 | Vaults:1 | Reached XP level 22. HP: 113/113 MP: 25/25
 39179 | Vaults:2 | Found Ucos's Distillery.
 39194 | Vaults:2 | Bought a potion of cure mutation for 560 gold pieces
 39194 | Vaults:2 | Bought a potion of beneficial mutation for 560 gold pieces
 39194 | Vaults:2 | Bought a potion of agility for 64 gold pieces
 39194 | Vaults:2 | Bought a potion of might for 64 gold pieces
 39194 | Vaults:2 | Bought a potion of curing for 48 gold pieces
 39194 | Vaults:2 | Bought a potion of curing for 48 gold pieces
 39194 | Vaults:2 | Bought a potion of berserk rage for 80 gold pieces
 39195 | Vaults:2 | Lost mutation: You are resistant to electric shocks. [potion of cure mutation]
 39195 | Vaults:2 | Lost mutation: You are clumsy. (Dex -2) [potion of cure mutation]
 39195 | Vaults:2 | Lost mutation: You are frail (-10% HP). [potion of cure mutation]
 39195 | Vaults:2 | Lost mutation: You occasionally shout uncontrollably at your foes. [potion of cure mutation]
 39195 | Vaults:2 | Lost mutation: You are surrounded by a mild repulsion field (EV +2). [potion of cure mutation]
 39236 | Vaults:2 | XOM: fake destruction
 39261 | Vaults:2 | XOM: swap monsters
 39335 | Vaults:2 | XOM: 1-stop teleportation journey
 39353 | Vaults:2 | XOM: give mutation
 39353 | Vaults:2 | Gained mutation: You occasionally shout uncontrollably at your foes. [Xom's mischief]
 39479 | Vaults:2 | XOM: draining
 40104 | Vaults:2 | XOM: chaos cloud
 40142 | Vaults:3 | XOM: confusion
 40146 | Vaults:3 | XOM: enchant monster (bad)
 40220 | Vaults:3 | Found a staircase to the Crypt.
 40222 | Vaults:3 | XOM: fake destruction
 40229 | Vaults:3 | XOM: god gift: meat ration
 40237 | Vaults:3 | XOM: fog
 40242 | Vaults:3 | XOM: cast spell 'Summon Small Mammal'
 40328 | Vaults:3 | Noticed confidenceinterval's ghost (mighty TrBe)
 40329 | Vaults:3 | XOM: enchant monster (good)
 40353 | Vaults:3 | Killed confidenceinterval's ghost
 40372 | Vaults:3 | Found a blossoming altar of Fedhas.
 40372 | Vaults:3 | XOM: 2-stop teleportation journey
 40576 | Vaults:3 | Found Qapluosm's Distillery.
 40609 | Vaults:3 | XOM: harmless Chrm miscast
 40610 | Vaults:3 | Bought a potion of agility for 72 gold pieces
 40610 | Vaults:3 | Bought a potion of agility for 72 gold pieces
 40676 | Vaults:3 | XOM: god gift: wand of digging {god gift}
 40758 | Vaults:3 | Learned a level 4 spell: Control Undead
 40952 | Vaults:3 | XOM: destruction
 41062 | Vaults:3 | XOM: noise
 41064 | Vaults:3 | XOM: noise
 41072 | Vaults:3 | XOM: confuse monster(s)
 41107 | Vaults:3 | Found Acuful's Weapon Shoppe.
 41131 | Vaults:3 | Found Cinenarr's Assorted Antiques.
 41135 | Vaults:3 | XOM: medium Chrm miscast
 41167 | Vaults:3 | Bought a scroll labeled TUSUNW HYTHROPO for 28 gold pieces
 41362 | Vaults:3 | XOM: harmless Trmt miscast
 41605 | Vaults:3 | XOM: enchant monster (good)
 41691 | Vaults:4 | Reached skill level 1 in Spellcasting
 41695 | Vaults:4 | XOM: divination: detect items
 41700 | Vaults:4 | XOM: noise
 41936 | Vaults:4 | XOM: noise
 41970 | Vaults:4 | Reached XP level 23. HP: 132/132 MP: 26/26
 41980 | Vaults:4 | XOM: enchant monster (good)
 42126 | Vaults:4 | Found Rutack's Antique Armour Shoppe.
 42148 | Vaults:4 | Got a pitted shortbow
 42286 | Vaults:4 | XOM: polymorph vault warden -> shadow dragon
 42298 | Vaults:4 | XOM: potion effect (haste)
 42310 | Vaults:4 | Reached skill level 18 in Dodging
 42562 | Vaults:4 | XOM: enchant monster (bad)
 42603 | Vaults:4 | XOM: give mutations
 42603 | Vaults:4 | Lost mutation: Your system is resistant to poisons. [Xom's mischief]
 42603 | Vaults:4 | Gained mutation: You are dopey. (Int -2) [Xom's mischief]
 42873 | Vaults:4 | XOM: silly message
 42885 | Vaults:4 | Reached skill level 5 in Translocations
 42903 | Vaults:4 | XOM: give mutations
 42903 | Vaults:4 | Lost mutation: You occasionally shout uncontrollably at your foes. [Xom's mischief]
 42903 | Vaults:4 | Lost mutation: You have a pair of small horns on your head. [Xom's mischief]
 42903 | Vaults:4 | Lost mutation: You are dopey. (Int -2) [Xom's mischief]
 42903 | Vaults:4 | Lost mutation: You have a somewhat thin skeletal structure (Dex +2, Stealth). [Xom's mischief]
 42914 | Vaults:4 | XOM: fog
 42935 | Vaults:4 | XOM: confuse monster(s)
 43081 | Vaults:4 | XOM: harmless Erth miscast
 43181 | Vaults:5 | Entered Level 5 of the Vaults
 43196 | Vaults:5 | XOM: summons 3 friendly demons
 43222 | Vaults:5 | XOM: summons friendly iron imp
 43258 | Vaults:5 | Noticed an ancient lich
 43258 | Vaults:5 | XOM: summons 2 friendly demons
 43259 | Vaults:5 | XOM: 2-stop teleportation journey
 43261 | Vaults:5 | Got a silver rune of Zot
 43268 | Vaults:5 | XOM: stat loss: -1 Dex (30/31)
 43273 | Vaults:5 | XOM: 1-stop teleportation journey
 43303 | Vaults:5 | XOM: summons 2 hostile shadow creatures
 43380 | Vaults:5 | XOM: chaos upgrade
 43401 | Vaults:5 | XOM: chaos upgrade
 43408 | Vaults:5 | XOM: 2-stop teleportation journey
 43504 | Vaults:5 | XOM: 1-stop teleportation journey
 43507 | Vaults:5 | XOM: blink monster(s)
 43510 | Vaults:5 | XOM: smoke on damage
 43510 | Vaults:5 | XOM: torment (76/134 hp)
 43534 | Vaults:5 | XOM: mild Necr miscast
 43545 | Vaults:5 | XOM: confusion (+ monsters)
 43549 | Vaults:5 | XOM: mild Conj miscast
 43554 | Vaults:5 | XOM: give mutations
 43554 | Vaults:5 | Lost mutation: You are partially covered in icy blue scales (AC +1). [Xom's mischief]
 43554 | Vaults:5 | Gained mutation: You are dopey. (Int -2) [Xom's mischief]
 43569 | Vaults:5 | XOM: blink monster(s)
 43571 | Vaults:5 | XOM: fog
 43577 | Vaults:5 | XOM: chaos upgrade
 43583 | Vaults:5 | XOM: summons 3 hostile shadow creatures
 43584 | Vaults:5 | XOM: confusion
 43590 | Vaults:5 | XOM: summons 2 friendly demons
 43591 | Vaults:5 | XOM: stat loss: -1 Dex (25/26)
 43592 | Vaults:5 | XOM: enchant monster (bad)
 43596 | Vaults:5 | XOM: 1-stop teleportation journey
 43658 | Vaults:5 | XOM: medium Conj miscast
 43661 | Vaults:5 | XOM: confuse monster(s)
 43702 | Vaults:5 | Lost mutation: You are dopey. (Int -2) [potion of beneficial mutation]
 43717 | Vaults:5 | XOM: fog
 43770 | Vaults:5 | Reached XP level 24. HP: 139/139 MP: 26/26
 43814 | Vaults:5 | XOM: give mutations
 43814 | Vaults:5 | Gained mutation: You are clumsy. (Dex -2) [Xom's mischief]
 43814 | Vaults:5 | Gained mutation: You have hoof-like feet. [Xom's mischief]
 43843 | Vaults:5 | XOM: confusion
 43862 | Vaults:5 | Killed an ancient lich
 43963 | Vaults:5 | XOM: confusion
 43966 | Vaults:5 | XOM: destruction
 43982 | Vaults:5 | XOM: summons 3 friendly demons
 43985 | Vaults:5 | XOM: summons 2 friendly demons
 44018 | Vaults:5 | XOM: confuse monster(s)
 44064 | Vaults:5 | XOM: fake destruction
 44073 | Vaults:5 | Reached skill level 15 in Necromancy
 44100 | Vaults:5 | Reached skill level 19 in Dodging
 44156 | Vaults:5 | XOM: 6-stop teleportation journey
 44182 | Vaults:5 | XOM: fake destruction
 44189 | Vaults:5 | XOM: summons 2 friendly demons
 44207 | Vaults:5 | Got a fine scale mail
 44218 | Vaults:5 | Reached skill level 1 in Charms
 44218 | Vaults:5 | Reached skill level 1 in Air Magic
 44226 | Vaults:5 | XOM: cast spell 'Olgreb's Toxic Radiance'
 44236 | Vaults:5 | XOM: cast spell 'Discord'
 44389 | Vaults:5 | XOM: confuse monster(s)
 44434 | Vaults:5 | Identified the +10 scale mail of Boredom {rPois rN+ Regen+ Stlth-} (You took it off a vault guard on level 5 of the Vaults)
 44435 | Vaults:5 | Got a serpentine brass ring
 44437 | Vaults:5 | Identified the ring of Mistrust {rElec rPois rF+ Str-5 Int+3} (You took it off a yaktaur captain on level 5 of the Vaults)
 44458 | Vaults:5 | XOM: divination: magic mapping
 44467 | Vaults:5 | XOM: enchant monster (good)
 44618 | Vaults:5 | Got a pair of translucent boots
 44622 | Vaults:5 | XOM: 6-stop teleportation journey
 44632 | Vaults:5 | Identified the +3 pair of boots of Spring {rPois rN+ SInv} (You found it on level 5 of the Vaults)
 44651 | Vaults:5 | XOM: harmless Air miscast
 44658 | Vaults:5 | XOM: give mutations
 44658 | Vaults:5 | Gained mutation: You are dopey. (Int -2) [Xom's mischief]
 44658 | Vaults:5 | Gained mutation: You occasionally shout uncontrollably at your foes. [Xom's mischief]
 44714 | Vaults:5 | Learned a level 6 spell: Haste
 44962 | Vaults:5 | XOM: summons 10 hostile demons
 45118 | Vaults:4 | XOM: summons 6 hostile demons
 45147 | Vaults:4 | XOM: summons friendly iron imp
 45459 | D:12     | XOM: enchant monster (good)
 45685 | Lair:8   | XOM: medium Air miscast
 45705 | Lair:8   | XOM: colour smoke trail
 45734 | Slime:1  | Entered Level 1 of the Pits of Slime
 45869 | Slime:2  | XOM: repel stairs
 45911 | Slime:4  | Found a viscous altar of Jiyva.
 45914 | Slime:4  | XOM: 2-stop teleportation journey
 45939 | Slime:5  | XOM: noise
 45943 | Slime:5  | XOM: enchant monster (bad)
 45945 | Slime:5  | XOM: noise
 45955 | Slime:5  | XOM: silly message
 45983 | Slime:5  | Reached skill level 5 in Spellcasting
 45983 | Slime:5  | XOM: summons friendly shadow imp
 45992 | Slime:6  | Entered Level 6 of the Pits of Slime
 46045 | Slime:6  | XOM: blink monster(s)
 46109 | Slime:6  | XOM: noise
 46113 | Slime:6  | Reached skill level 5 in Air Magic
 46117 | Slime:6  | XOM: enchant monster (bad)
 46131 | Slime:6  | XOM: divination: detect items
 46200 | Slime:6  | Found a viscous altar of Jiyva.
 46200 | Slime:6  | XOM: 3-stop teleportation journey
 46201 | Slime:6  | Noticed the royal jelly
 46202 | Slime:6  | XOM: enchant monster (bad)
 46206 | Slime:6  | XOM: polymorph jelly -> giant eyeball
 46260 | Slime:6  | XOM: confuse monster(s)
 46284 | Slime:6  | XOM: confuse monster(s)
 46300 | Slime:6  | XOM: summons 3 friendly demons
 46320 | Slime:6  | Paralysed by a giant eyeball for 2 turns
 46343 | Slime:6  | XOM: polymorph acid blob -> iron dragon
 46346 | Slime:6  | Killed the royal jelly
 46346 | Slime:6  | Reached XP level 25. HP: 133/145 MP: 32/32
 46411 | Slime:6  | Got a translucent leather armour
 46434 | Slime:6  | Learned a level 8 spell: Necromutation
 46514 | Slime:6  | XOM: god gift: scroll of blinking
 46553 | Slime:6  | Identified the cursed +1 leather armour of the Kraken {*Confuse rCorr Int+6} (You found it on level 6 of the Pits of Slime)
 46555 | Slime:6  | Got a steaming leather armour
 46582 | Slime:6  | XOM: give mutations
 46582 | Slime:6  | Gained mutation: You have a pair of small horns on your head. [Xom's grace]
 46582 | Slime:6  | Gained mutation: You are partially covered in slimy green scales (AC +2). [Xom's grace]
 46582 | Slime:6  | Gained mutation: You are resistant to hostile enchantments. [Xom's grace]
 46604 | Slime:6  | Got a slimy rune of Zot
 46629 | Slime:6  | Identified the +1 leather armour of Kleptomania {*Confuse rElec MR+ Stlth-} (You found it on level 6 of the Pits of Slime)
 46647 | Slime:6  | XOM: give mutations
 46647 | Slime:6  | Gained mutation: You possess an exceptional clarity of mind. [Xom's grace]
 46647 | Slime:6  | Gained mutation: You passively map a small area around you. [Xom's grace]
 46670 | Slime:6  | XOM: give mutations
 46670 | Slime:6  | Gained mutation: Your flesh is heat resistant. [Xom's grace]
 46670 | Slime:6  | Gained mutation: You have hooves in place of feet. [Xom's grace]
 46792 | Slime:1  | XOM: enchant monster (good)
 46846 | Slime:1  | XOM: fog
 46849 | Slime:1  | Reached skill level 5 in Charms
 46892 | Slime:1  | XOM: divination: detect items
 46912 | Slime:1  | Gained mutation: You sometimes yell uncontrollably at your foes. [a shining eye]
 46994 | Lair:8   | XOM: noise
 47354 | Depths:1 | Entered Level 1 of the Depths
 47365 | Depths:1 | XOM: polymorph yaktaur -> ghost crab
 47392 | Depths:1 | XOM: confuse monster(s)
 47393 | Depths:1 | XOM: enchant monster (good)
 47454 | Depths:1 | Found a gateway to Hell.
 47454 | Depths:1 | XOM: 2-stop teleportation journey
 47455 | Depths:1 | Noticed Wiglaf
 47482 | Depths:1 | Killed Wiglaf
 47627 | Depths:1 | XOM: polymorph lindwurm -> eye of devastation
 47645 | Depths:1 | XOM: summons friendly iron imp
 47688 | Depths:1 | XOM: polymorph iron imp -> ufetubus
 47722 | Depths:1 | XOM: polymorph ufetubus -> white imp
 47725 | Depths:1 | XOM: vitrification
 47760 | Depths:1 | Reached skill level 20 in Fighting
 48038 | Depths:1 | Found Tisostrimn's Antique Armour Boutique.
 48043 | Depths:1 | Bought a brightly glowing plate armour for 1064 gold pieces
 48043 | Depths:1 | Bought a jewelled ring mail for 342 gold pieces
 48053 | Depths:1 | Identified the cursed +0 ring mail of the Blizzard {rElec rN+ Regen+} (You bought it in a shop on level 1 of the Depths)
 48064 | Depths:1 | Identified the +4 plate armour "Rynivy" {rElec rC+ MR- Dex+9} (You bought it in a shop on level 1 of the Depths)
 48203 | Depths:1 | XOM: enchant monster (good)
 48225 | Depths:1 | XOM: polymorph eye of draining -> trapdoor spider
 48312 | Depths:1 | XOM: summons friendly iron imp
 48602 | Depths:2 | Got a glittering marble ring
 48603 | Depths:2 | Identified the ring of Resch {Fire Dex+9 Stlth-} (You found it on level 2 of the Depths)
 48662 | Depths:2 | XOM: confuse monster(s)
 48851 | Depths:2 | XOM: cast spell 'Stoneskin'
 48861 | Depths:2 | XOM: fog
 48865 | Depths:2 | XOM: enchant monster (bad)
 48889 | Depths:2 | XOM: chaos upgrade
 48891 | Depths:2 | XOM: polymorph frost giant -> stone giant
 48957 | Depths:2 | XOM: chaos cloud
 48996 | Depths:2 | XOM: medium Pois miscast
 49017 | Depths:2 | XOM: mild Hex miscast
 49027 | Depths:2 | XOM: chaos cloud
 49035 | Depths:2 | XOM: summons 6 hostile demons
 49040 | Depths:2 | XOM: chaos cloud
 49073 | Depths:1 | XOM: noise
 49145 | Depths:2 | Got a steaming helmet
 49178 | Depths:2 | Reached XP level 26. HP: 154/154 MP: 35/36
 49188 | Depths:2 | XOM: enchant monster (bad)
 49263 | Depths:2 | XOM: enchant monster (bad)
 49269 | Depths:2 | XOM: enchant monster (good)
 49313 | Depths:2 | XOM: cast spell 'Dispersal'
 49333 | Depths:2 | XOM: polymorph tentacled monstrosity -> tentacled monstrosity
 49344 | Depths:2 | XOM: god gift: halberd {god gift}
 49356 | Depths:2 | Reached skill level 21 in Fighting
 49356 | Depths:2 | Reached skill level 10 in Air Magic
 49390 | Depths:2 | Identified the +1 helmet "Gatatuu" {*Contam rPois Regen+ Dex+3} (You found it on level 2 of the Depths)
 49532 | Depths:2 | XOM: scenery: 1 doors close
 49556 | Depths:2 | XOM: divine lightning (protected)
 49628 | Depths:2 | XOM: vitrification
 50011 | Depths:3 | Gained mutation: You are partially covered in iridescent scales (AC +4). [potion of beneficial mutation]
 50148 | Depths:3 | XOM: summons friendly white imp
 50157 | Depths:3 | XOM: cast spell 'Necromutation'
 50213 | Depths:3 | XOM: potion effect (haste)
 50215 | Depths:3 | XOM: divine lightning (protected)
 50225 | Depths:3 | XOM: enchant monster (good)
 50228 | Depths:3 | XOM: fog
 50296 | Depths:3 | XOM: summons 4 friendly demons
 50303 | Depths:3 | XOM: blink monster(s)
 50319 | Depths:3 | XOM: enchant monster (good)
 50417 | Depths:3 | Got a slimy ring mail
 50472 | Depths:3 | XOM: enchant monster (bad)
 50519 | Depths:3 | Reached skill level 10 in Spellcasting
 50577 | Depths:3 | XOM: cast spell 'Hydra Form'
 50742 | Depths:3 | XOM: 3-stop teleportation journey
 50765 | Depths:3 | XOM: mild Erth miscast
 50808 | Depths:3 | Found a one-way gate leading to the halls of Pandemonium.
 50874 | Depths:3 | Identified the +4 ring mail of Chill Winds {rPois rC- MR+ Int+9} (You found it on level 3 of the Depths)
 50898 | Depths:3 | XOM: 5-stop teleportation journey
 50907 | Depths:3 | XOM: chaos upgrade
 51011 | Depths:3 | XOM: blink monster(s)
 51017 | Depths:3 | XOM: cast spell 'Warp Weapon'
 51020 | Depths:3 | XOM: summons 3 friendly demons
 51034 | Depths:3 | XOM: summons 3 friendly demons
 51234 | Depths:4 | Found Zoteri's Elemental Accessories.
 51267 | Depths:4 | Got an ancient trident
 51268 | Depths:4 | Identified the +8 trident of the Vaults {holy, rC++ Str+5 Int-4} (You found it on level 4 of the Depths)
 51383 | Depths:4 | XOM: divination: detect items
 51477 | Depths:4 | Got an ancient storm dragon armour
 51478 | Depths:4 | Identified the +9 storm dragon armour of Ema Ryqi {rElec rPois rF- Dex+2} (You found it on level 4 of the Depths)
 51588 | Depths:4 | XOM: mild Conj miscast
 51641 | Depths:4 | XOM: divination: detect creatures
 51658 | Depths:4 | Reached XP level 27. HP: 160/160 MP: 42/42
 51716 | Depths:4 | XOM: cast spell 'Stoneskin'
 51720 | Depths:4 | XOM: confuse monster(s)
 51725 | Depths:4 | XOM: potion effect (brilliance)
 51726 | Depths:4 | XOM: cast spell 'Blink'
 51760 | Depths:4 | XOM: enchant monster (good)
 51767 | Depths:4 | XOM: potion effect (berserk rage)
 51770 | Depths:4 | Reached skill level 15 in Spellcasting
 51832 | Depths:4 | XOM: summons friendly white imp
 51849 | Depths:4 | XOM: swap monsters
 51870 | Depths:4 | XOM: confuse monster(s)
 51908 | Depths:4 | XOM: polymorph fire dragon -> six-headed hydra
 51966 | Depths:4 | XOM: severe Erth miscast
 51980 | Depths:4 | XOM: cast spell 'Summon Butterflies'
 52023 | Depths:4 | XOM: divination: magic mapping
 52051 | Depths:4 | XOM: enchant monster (good)
 52071 | Depths:4 | XOM: polymorph golden dragon -> caustic shrike
 52147 | Depths:4 | Noticed Louise
 52157 | Depths:4 | Killed Louise
 52161 | Depths:4 | Found a one-way gate to the infinite horrors of the Abyss.
 52406 | Depths:4 | Got a colourful robe
 52407 | Depths:4 | Identified the +1 robe of the Raven {rElec rF+ Str+5 Int-4} (You found it on level 4 of the Depths)
 52508 | Depths:4 | XOM: repel stairs
 52562 | Depths:4 | XOM: mild Fire miscast
 52642 | Depths:5 | Entered Level 5 of the Depths
 52646 | Depths:5 | XOM: destruction
 52661 | Depths:5 | XOM: chaos upgrade
 52679 | Depths:5 | XOM: noise
 52682 | Depths:5 | XOM: chaos cloud
 52687 | Depths:5 | XOM: harmless Fire miscast
 52690 | Depths:4 | XOM: enchant monster (bad)
 52720 | Depths:5 | XOM: harmless Pois miscast
 52751 | Depths:5 | XOM: mild Air miscast
 52976 | Depths:5 | Found a gate to the Realm of Zot.
 53025 | Depths:5 | XOM: give mutations
 53025 | Depths:5 | Lost mutation: You are resistant to hostile enchantments. [Xom's mischief]
 53088 | Depths:5 | XOM: noise
 53137 | Depths:5 | Found Zoohemea's Antique Armour Shoppe.
 53144 | Depths:5 | Bought a fine scale mail for 297 gold pieces
 53144 | Depths:5 | Identified the cursed +1 scale mail of Peek-a-Boo {rC+ MP+9 Str-4 Dex+8} (You bought it in a shop on level 5 of the Depths)
 53164 | Depths:5 | Found a portal to a secret trove of treasure.
 53198 | Depths:5 | Found a gateway to a ziggurat.
 53366 | Depths:5 | XOM: harmless Erth miscast
 53438 | Depths:5 | XOM: harmless Erth miscast
 53541 | Depths:5 | XOM: give mutations
 53541 | Depths:5 | Lost mutation: You are dopey. (Int -2) [Xom's mischief]
 53541 | Depths:5 | Lost mutation: Your flesh is cold resistant. [Xom's mischief]
 53717 | Depths:5 | Voluntarily entered the Abyss.
 53792 | Abyss:1  | XOM: blink monster(s)
 53805 | Abyss:1  | XOM: potion effect (haste)
 53899 | Abyss:1  | Got an encrusted hat
 53916 | Abyss:1  | Identified the +0 hat "Baomuceo" {*Drain rN+ MP+9} (You acquired it on level 1 of the Abyss)
 53943 | Abyss:1  | XOM: blink monster(s)
 53956 | Abyss:1  | XOM: mild Necr miscast
 54152 | Abyss:1  | XOM: harmless Chrm miscast
 54187 | Abyss:1  | Found a corrupted altar of Lugonu.
 54237 | Abyss:1  | XOM: silly message
 54376 | Abyss:2  | XOM: summons friendly white imp
 54497 | Abyss:3  | Found a runed door.
 54589 | Abyss:3  | XOM: god gift: crooked smoking staff {god gift}
 54627 | Abyss:3  | XOM: swap monsters
 54650 | Abyss:3  | Got an abyssal rune of Zot
 54652 | Abyss:3  | Paralysed by accursed screaming for 1 turns
 54655 | Abyss:3  | XOM: destruction
 54662 | Abyss:3  | XOM: confuse monster(s)
 54666 | Abyss:3  | XOM: cast spell 'Excruciating Wounds'
 54669 | Abyss:3  | XOM: confuse monster(s)
 54689 | Depths:5 | Escaped the Abyss
 54743 | Depths:5 | You showed the abyssal rune of Zot to enter a treasure trove
 54744 | Trove    | XOM: noise
 54744 | Trove    | Entered a treasure trove
 54782 | Trove    | Identified the Grimoire of Helpful Feathers
 54789 | Trove    | Learned a level 5 spell: Silence
 54799 | Trove    | Learned a level 5 spell: Phase Shift
 54815 | Trove    | Identified Sif Muna's Catalogue of Lightness
 54822 | Trove    | Identified Eshog's Tome of Glacial Good Luck
 54830 | Trove    | Identified Sif Muna's Incunabulum of Unholy Rites
 54837 | Trove    | Identified the Collected Works on Supportive Augmentations
 54841 | Trove    | Identified Sif Muna's Collected Works on Self-Knowledge
 54854 | Trove    | Learned a level 7 spell: Controlled Blink
 54928 | Depths:5 | XOM: give mutations
 54928 | Depths:5 | Gained mutation: Your mind is acute. (Int +2) [Xom's grace]
 54928 | Depths:5 | Gained mutation: Your flesh is cold resistant. [Xom's grace]
 54951 | Zot:1    | Entered Level 1 of the Realm of Zot
 55017 | Zot:1    | XOM: polymorph yellow draconian zealot -> frost giant
 55021 | Zot:1    | XOM: swap monsters
 55028 | Zot:1    | XOM: 3-stop teleportation journey
 55145 | Zot:1    | XOM: enchant monster (good)
 55148 | Zot:1    | XOM: summons friendly iron imp
 55169 | Zot:1    | XOM: potion effect (invisibility)
 55179 | Zot:1    | Reached skill level 22 in Fighting
 55192 | Zot:1    | XOM: potion effect (invisibility)
 55193 | Zot:1    | Noticed an orb of fire
 55196 | Zot:1    | XOM: polymorph mottled draconian -> emperor scorpion
 55216 | Zot:1    | XOM: polymorph mottled draconian -> dire elephant
 55224 | Zot:1    | XOM: summons 2 friendly demons
 55240 | Zot:1    | XOM: cast spell 'Summon Ice Beast'
 55272 | Zot:1    | Killed an orb of fire
 55278 | Zot:1    | XOM: potion effect (might)
 55287 | Zot:1    | Reached skill level 1 in Long Blades
 55296 | Zot:1    | XOM: summons 6 friendly demons
 55297 | Zot:1    | XOM: fake destruction
 55301 | Zot:1    | XOM: summons friendly iron imp
 55304 | Zot:1    | XOM: confuse monster(s)
 55429 | Zot:1    | XOM: cast spell 'Excruciating Wounds'
 55437 | Zot:1    | XOM: polymorph mottled draconian monk -> alligator snapping turtle
 55454 | Zot:1    | Reached skill level 5 in Long Blades
 55481 | Zot:1    | XOM: divination: detect items
 55484 | Zot:1    | XOM: enchant monster (good)
 55511 | Zot:1    | XOM: summons 4 hostile shadow creatures
 55535 | Zot:1    | XOM: vitrification
 55664 | Zot:1    | XOM: god gift: 41 gold pieces
 55676 | Zot:1    | XOM: god gift: 34 gold pieces
 55735 | Zot:1    | XOM: confuse monster(s)
 55839 | Zot:1    | Got a scorched dagger
 55843 | Zot:1    | XOM: give mutations
 55843 | Zot:1    | Lost mutation: You are partially covered in slimy green scales (AC +2). [Xom's mischief]
 55843 | Zot:1    | Lost mutation: You sometimes yell uncontrollably at your foes. [Xom's mischief]
 55850 | Zot:1    | Identified the +7 dagger of the Spheres {pierce, *Drain rC++} (You found it on level 1 of the Realm of Zot)
 56195 | Zot:2    | XOM: divination: detect creatures
 56275 | Zot:2    | Upgraded the game from 0.17-a0-1442-g10bb59b to 0.17-a0-1446-gc28613e
 56340 | Zot:2    | XOM: colour smoke trail
 56431 | Zot:2    | XOM: harmless Tloc miscast
 56564 | Zot:2    | XOM: potion effect (might)
 56768 | Zot:2    | XOM: confuse monster(s)
 56870 | Zot:2    | XOM: harmless Fire miscast
 56913 | Zot:2    | XOM: mild Divn miscast
 56949 | Zot:3    | XOM: stealth player
 56956 | Zot:3    | XOM: divination: magic mapping
 56970 | Zot:3    | XOM: cast spell 'Summon Hydra'
 57109 | Zot:3    | XOM: 1-stop teleportation journey
 57146 | Zot:3    | XOM: god gift: 11 stones
 57169 | Zot:3    | XOM: polymorph green draconian -> emperor scorpion
 57171 | Zot:3    | XOM: vitrification
 57306 | Zot:3    | XOM: vitrification
 57345 | Zot:3    | XOM: smoke on damage
 57352 | Zot:3    | Reached skill level 10 in Long Blades
 57447 | Zot:3    | XOM: fog
 57448 | Zot:3    | XOM: polymorph storm dragon -> something unseen
 57461 | Zot:3    | XOM: fake destruction
 57656 | Zot:3    | XOM: summons friendly quasit
 57784 | Zot:3    | XOM: vitrification
 57917 | Zot:4    | XOM: polymorph storm dragon -> dire elephant
 57964 | Zot:4    | XOM: mild Summ miscast
 58147 | Zot:4    | Got a fabulously ornate robe
 58148 | Zot:4    | Identified the cursed +1 robe of Oblivion {rElec MP-9 Dex+2} (You found it on level 4 of the Realm of Zot)
 58224 | Zot:4    | XOM: silly message
 58257 | Zot:4    | XOM: summons 14 friendly demons
 58260 | Zot:4    | XOM: potion effect (berserk rage)
 58485 | Zot:4    | Found a burning altar of Makhleb.
 58506 | Zot:4    | XOM: god gift: 24 gold pieces
 58853 | Zot:5    | Entered Level 5 of the Realm of Zot
 58925 | Zot:4    | XOM: fog
 58946 | Zot:5    | XOM: 5-stop teleportation journey
 58949 | Zot:5    | XOM: summons friendly crimson imp
 58961 | Zot:4    | XOM: summons friendly quasit
 59194 | Pan      | Entered Pandemonium
 59201 | Pan      | XOM: divine lightning (protected)
 59272 | Pan      | Noticed Xuesi the pandemonium lord
 59273 | Pan      | XOM: summons friendly smoke demon
 59315 | Pan      | XOM: destruction
 59552 | Pan      | XOM: polymorph Shadow Fiend -> Brimstone Fiend
 59556 | Pan      | XOM: fog
 59617 | Pan      | XOM: noise
 59696 | Pan      | Found a runed door.
 59721 | Pan      | XOM: mild Divn miscast
 59748 | Pan      | Found a runed door.
 59749 | Pan      | Noticed Firiots the pandemonium lord
 59749 | Pan      | Found a runed door.
 59783 | Pan      | XOM: cast spell 'Ring of Flames'
 59785 | Pan      | XOM: noise
 59805 | Pan      | Killed Firiots the pandemonium lord
 59855 | Pan      | Got an ancient ring mail
 59856 | Pan      | Identified the +2 ring mail of Trumpets {+Inv rN+ Dex-5 Stlth-} (You found it in Pandemonium)
 59861 | Pan      | Found a runed door.
 59880 | Pan      | Found an exit through the horrors of the Abyss.
 59882 | Pan      | XOM: divination: detect items
 59914 | Pan      | XOM: cast spell 'Summon Ice Beast'
 60013 | Pan      | Found an exit through the horrors of the Abyss.
 60016 | Pan      | XOM: swap monsters
 60020 | Pan      | XOM: divination: detect items
 60102 | Pan      | XOM: fog
 60158 | Pan      | XOM: give mutations
 60158 | Pan      | Gained mutation: You are resistant to hostile enchantments. [Xom's grace]
 60158 | Pan      | Gained mutation: Your system is resistant to poisons. [Xom's grace]
 60158 | Pan      | Gained mutation: Your flesh is very heat resistant. [Xom's grace]
 60235 | Pan      | XOM: medium Ice miscast
 60278 | Pan      | Reached skill level 10 in Translocations
 60354 | Pan      | XOM: enchant monster (bad)
 60355 | Pan      | XOM: polymorph sixfirhy -> orange demon
 60376 | Pan      | XOM: 1-stop teleportation journey
 60428 | Pan      | Found an exit through the horrors of the Abyss.
 60447 | Pan      | XOM: harmless Pois miscast
 60460 | Pan      | XOM: polymorph sixfirhy -> rust devil
 60473 | Pan      | XOM: stat loss: -1 Int (14/15)
 60475 | Pan      | XOM: polymorph orange demon -> sixfirhy
 60533 | Pan      | XOM: fog
 60536 | Pan      | XOM: mild Summ miscast
 60554 | Pan      | Found an exit through the horrors of the Abyss.
 60584 | Pan      | XOM: swap monsters
 60686 | Pan      | XOM: destruction
 60696 | Pan      | Reached skill level 10 in Charms
 60754 | Pan      | XOM: polymorph sun demon -> ice devil
 60818 | Pan      | XOM: fog
 60848 | Pan      | XOM: god gift: transparent pewter ring {god gift}
 60852 | Pan      | Got a transparent pewter ring {god gift}
 60853 | Pan      | Identified the ring of Heosch {rF+ Str+2 Int+4 Dex+3} (Xom gifted it to you in Pandemonium)
 60856 | Pan      | XOM: cast spell 'Dragon Form'
 60883 | Pan      | XOM: enchant monster (bad)
 60894 | Pan      | XOM: potion effect (invisibility)
 60952 | Pan      | XOM: enchant monster (bad)
 60968 | Pan      | XOM: confuse monster(s)
 60982 | Pan      | Found an exit through the horrors of the Abyss.
 61067 | Pan      | Entered the realm of Mnoleg.
 61137 | Pan      | XOM: mild Fire miscast
 61238 | Pan      | XOM: noise
 61294 | Pan      | XOM: confuse monster(s)
 61342 | Pan      | XOM: scenery: create altars
 61385 | Pan      | XOM: summons friendly iron imp
 61394 | Pan      | XOM: noise
 61433 | Pan      | XOM: mild Pois miscast
 61455 | Pan      | Noticed Mnoleg
 61467 | Pan      | XOM: enchant monster (good)
 61487 | Pan      | Killed Mnoleg
 61498 | Pan      | Got a glowing rune of Zot
 61562 | Pan      | Gained mutation: You are very clumsy. (Dex -4) [a neqoxec]
 61621 | Pan      | XOM: harmless Chrm miscast
 61639 | Pan      | XOM: divination: detect creatures
 61705 | Pan      | XOM: mild Ice miscast
 61835 | Pan      | Noticed Dikhlig the pandemonium lord
 61853 | Pan      | XOM: mild Erth miscast
 61907 | Pan      | XOM: noise
 61924 | Pan      | Killed Dikhlig the pandemonium lord
 61978 | Pan      | Got a pitted glass ring
 61979 | Pan      | Identified the ring of Curphyung {rPois rN+ MR+ Int+4} (You found it in Pandemonium)
 61985 | Pan      | XOM: cast spell 'Spider Form'
 61989 | Pan      | Entered the realm of Cerebov.
 62001 | Pan      | XOM: enchant monster (bad)
 62017 | Pan      | XOM: confuse monster(s)
 62040 | Pan      | XOM: summons friendly crimson imp
 62055 | Pan      | XOM: polymorph crimson imp -> quasit
 62110 | Pan      | XOM: silly message
 62137 | Pan      | Reached skill level 15 in Translocations
 62169 | Pan      | Got a slimy copper amulet
 62170 | Pan      | Identified the amulet "Tium" {Faith Str+4 Dex+2} (You took it off a balrug in Pandemonium)
 62214 | Pan      | Noticed Cerebov
 62263 | Pan      | XOM: chaos upgrade
 62267 | Pan      | XOM: chaos cloud
 62280 | Pan      | Paralysed by you for 6 turns
 62305 | Pan      | Cast into the Abyss (you)
 62326 | Abyss:1  | Gained mutation: You are frail (-10% HP). [mutagenic glow]
 62330 | Abyss:1  | Lost mutation: You are frail (-10% HP). [potion of cure mutation]
 62330 | Abyss:1  | Lost mutation: You passively map a small area around you. [potion of cure mutation]
 62330 | Abyss:1  | Lost mutation: You occasionally shout uncontrollably at your foes. [potion of cure mutation]
 62330 | Abyss:1  | Lost mutation: Your flesh is cold resistant. [potion of cure mutation]
 62356 | Pan      | Escaped the Abyss
 62374 | Pan      | Killed Cerebov
 62377 | Pan      | XOM: divination: detect creatures
 62380 | Pan      | XOM: enchant monster (bad)
 62501 | Pan      | Got a faintly humming steam dragon armour
 62502 | Pan      | Identified the cursed +1 steam dragon armour of the Lonely Realms {rF+} (You took it off a balrug in Pandemonium)
 62524 | Pan      | Got a warped scale mail
 62549 | Pan      | Got a twisted chain mail
 62560 | Pan      | Identified the +0 chain mail of the Scribe {MR+} (You found it in Pandemonium)
 62570 | Pan      | Identified the cursed +0 scale mail of Enowk {-Tele rCorr Slay+3} (You took it off a red devil in Pandemonium)
 62588 | Pan      | XOM: scenery: 1 doors open
 62625 | Pan      | Got a fiery rune of Zot
 62733 | Pan      | XOM: confuse monster(s)
 62741 | Pan      | XOM: divination: detect items
 62869 | Pan      | Found an exit through the horrors of the Abyss.
 63019 | Pan      | Noticed Atraydea the pandemonium lord
 63049 | Pan      | Killed Atraydea the pandemonium lord
 63140 | Pan      | XOM: give mutations
 63140 | Pan      | Gained mutation: Your muscles are strong. (Str +2) [Xom's grace]
 63140 | Pan      | Lost mutation: You are very clumsy. (Dex -4) [Xom's grace]
 63225 | Pan      | Found an exit through the horrors of the Abyss.
 63236 | Pan      | XOM: confuse monster(s)
 63381 | Pan      | XOM: confuse monster(s)
 63386 | Pan      | XOM: summons friendly shadow imp
 63414 | Pan      | XOM: potion effect (berserk rage)
 63500 | Pan      | XOM: confuse monster(s)
 63592 | Pan      | XOM: fog
 63615 | Pan      | Found a glowing silver altar of Zin.
 63616 | Pan      | XOM: summons friendly iron imp
 63694 | Pan      | XOM: fake destruction
 63743 | Pan      | XOM: colour smoke trail
 63764 | Pan      | XOM: god gift: great sword {god gift}
 63814 | Pan      | XOM: summons friendly iron imp
 63885 | Pan      | XOM: chaos cloud
 63889 | Pan      | Paralysed by you for 4 turns
 63894 | Pan      | XOM: potion effect (magic)
 63927 | Pan      | XOM: god gift: 9 arrows of flame
 63991 | Pan      | XOM: confuse monster(s)
 64029 | Pan      | XOM: fake destruction
 64045 | Pan      | XOM: potion effect (haste)
 64089 | Pan      | XOM: harmless Divn miscast
 64171 | Pan      | XOM: harmless Air miscast
 64340 | Pan      | XOM: mild Hex miscast
 64367 | Pan      | XOM: smoke on damage
 64530 | Pan      | Found a white marble altar of Elyvilon.
 64705 | Pan      | XOM: harmless Fire miscast
 64711 | Pan      | XOM: cast spell 'Summon Small Mammal'
 64713 | Pan      | XOM: mild Ice miscast
 64748 | Pan      | XOM: enchant monster (good)
 64758 | Pan      | Got a pair of steaming gloves
 64759 | Pan      | Identified the +3 pair of gloves "Quceow" {Stlth+} (You found it in Pandemonium)
 64796 | Pan      | XOM: noise
 64890 | Pan      | XOM: god gift: scroll of vulnerability
 64911 | Pan      | XOM: fog
 64937 | Pan      | XOM: potion effect (haste)
 64999 | Pan      | XOM: confuse monster(s)
 65015 | Pan      | Got a dazzling scale mail
 65022 | Pan      | XOM: fog
 65044 | Pan      | Identified the cursed +0 scale mail "Zausch" {rC+ MR+ Regen+ Str+2} (You took it off an angel in Pandemonium)
 65049 | Pan      | XOM: chaos cloud
 65225 | Pan      | XOM: cast spell 'Warp Weapon'
 65253 | Pan      | XOM: summons 3 friendly demons
 65281 | Pan      | Noticed a seraph
 65281 | Pan      | XOM: potion effect (might)
 65290 | Pan      | XOM: polymorph angel -> holy swine
 65304 | Pan      | Killed a seraph
 65308 | Pan      | Found a glowing golden altar of the Shining One.
 65333 | Pan      | Identified the Almanac of Summoning
 65338 | Pan      | Got a shimmering scale mail
 65342 | Pan      | Got a demonic rune of Zot
 65348 | Pan      | Identified the cursed +0 scale mail of the Komodo Dragon {rF+ MR+} (You found it in Pandemonium)
 65382 | Pan      | Got a steaming leather armour
 65421 | Pan      | Identified the +2 leather armour "Gimextua" {-Tele MR+ Int+8} (You found it in Pandemonium)
 65689 | Pan      | XOM: polymorph daeva -> apis
 65802 | Pan      | Got a warped large shield
 65813 | Pan      | Identified the cursed +0 large shield of Melancholy {rF+} (You found it in Pandemonium)
 65924 | Pan      | XOM: swap monsters
 65944 | Pan      | XOM: summons friendly white imp
 66045 | Pan      | XOM: divination: detect creatures
 66159 | Pan      | Found an exit through the horrors of the Abyss.
 66228 | Pan      | XOM: enchant monster (good)
 66296 | Depths:4 | Escaped Pandemonium
 66298 | Pan      | Entered Pandemonium
 66413 | Pan      | Entered the realm of Gloorx Vloq.
 66423 | Pan      | Identified the Tome of Earth
 66440 | Pan      | Reached skill level 1 in Transmutations
 66532 | Pan      | XOM: 1-stop teleportation journey
 66565 | Pan      | Reached skill level 5 in Transmutations
 66570 | Pan      | XOM: chaos cloud
 66649 | Pan      | Found an exit through the horrors of the Abyss.
 66694 | Pan      | XOM: 2-stop teleportation journey
 66734 | Pan      | Noticed Gloorx Vloq
 66738 | Pan      | XOM: mild Divn miscast
 66745 | Pan      | Killed Gloorx Vloq
 66759 | Pan      | XOM: harmless Fire miscast
 66806 | Pan      | Got a dark rune of Zot
 66825 | Pan      | XOM: 5-stop teleportation journey
 66840 | Pan      | Entered the realm of Lom Lobon.
 66879 | Pan      | XOM: 1-stop teleportation journey
 66932 | Pan      | Noticed Lom Lobon
 66932 | Pan      | XOM: summons friendly crimson imp
 66948 | Pan      | XOM: smoke on damage
 66957 | Pan      | Gained mutation: Your body sometimes deteriorates upon taking damage. [mutagenic glow]
 66958 | Pan      | Killed Lom Lobon
 66966 | Pan      | Got a magical rune of Zot
 66971 | Pan      | Lost mutation: Your muscles are strong. (Str +2) [potion of cure mutation]
 66971 | Pan      | Lost mutation: Your system is resistant to poisons. [potion of cure mutation]
 66971 | Pan      | Lost mutation: You are resistant to hostile enchantments. [potion of cure mutation]
 66972 | Pan      | Lost mutation: Your mind is acute. (Int +2) [potion of cure mutation]
 66972 | Pan      | Lost mutation: You are somewhat resistant to further mutation. [potion of cure mutation]
 66972 | Pan      | Lost mutation: Your body sometimes deteriorates upon taking damage. [potion of cure mutation]
 66972 | Pan      | Lost mutation: You possess an exceptional clarity of mind. [potion of cure mutation]
 66972 | Pan      | Lost mutation: You have a pair of small horns on your head. [potion of cure mutation]
 66991 | Pan      | Reached skill level 10 in Transmutations
 66996 | Pan      | XOM: mild Tloc miscast
 67023 | Pan      | XOM: give mutations
 67023 | Pan      | Gained mutation: Scrolls take you a little longer to read. [Xom's mischief]
 67023 | Pan      | Lost mutation: Scrolls take you a little longer to read. [Xom's mischief]
 67023 | Pan      | Lost mutation: You can translocate small distances at will. [Xom's mischief]
 67036 | Pan      | XOM: fog
 67106 | Pan      | XOM: enchant monster (bad)
 67155 | Pan      | Found an exit through the horrors of the Abyss.
 67161 | Pan      | Took an exit into the Abyss.
 67161 | Abyss:1  | Escaped into the Abyss
 67236 | Depths:4 | Escaped the Abyss
 67281 | Depths:3 | XOM: medium Necr miscast
 67507 | Vaults:2 | XOM: colour smoke trail
 67571 | Crypt:1  | Entered Level 1 of the Crypt
 67735 | Crypt:1  | XOM: polymorph death knight -> wolf spider
 67753 | Crypt:1  | XOM: summons friendly soul eater
 67766 | Crypt:1  | XOM: enchant monster (good)
 67914 | Crypt:1  | XOM: 7-stop teleportation journey
 68105 | Crypt:1  | XOM: vitrification
 68112 | Crypt:1  | XOM: divine lightning
 68187 | Crypt:2  | XOM: divination: magic mapping
 68347 | Crypt:2  | Noticed Mara
 68363 | Crypt:2  | Noticed wvc's illusion
 68369 | Crypt:2  | Killed Mara
 68369 | Crypt:2  | Noticed Mara
 68369 | Crypt:2  | Mara changed into Mara the hellephant
 68369 | Crypt:2  | XOM: polymorph Mara -> Mara the hellephant
 68461 | Crypt:2  | Noticed Khufu
 68482 | Crypt:2  | Killed Khufu
 68722 | Crypt:2  | Noticed Margery
 68722 | Crypt:2  | XOM: enchant monster (good)
 68730 | Crypt:2  | XOM: divination: detect creatures
 68746 | Crypt:2  | XOM: summons 2 friendly demons
 68756 | Crypt:2  | Killed Margery
 68763 | Crypt:2  | Noticed Frederick
 68776 | Crypt:2  | Killed Frederick
 68921 | Crypt:3  | Entered Level 3 of the Crypt
 68922 | Crypt:3  | XOM: cast spell 'Cause Fear'
 68935 | Crypt:3  | XOM: destruction
 68953 | Crypt:3  | Found a staircase to the Tomb.
 68962 | Crypt:3  | Got a shimmering amber ring
 68965 | Crypt:3  | Identified the ring of Cheibriados's Envy {+/*Tele MR+ Dex+3} (You found it on level 3 of the Crypt)
 68984 | Crypt:3  | Noticed Mennas
 69010 | Crypt:3  | Killed Mennas
 69263 | Crypt:2  | XOM: scenery: 1 doors close
 69316 | Crypt:3  | Noticed Jory
 69323 | Crypt:3  | XOM: mild Trmt miscast
 69326 | Crypt:3  | Killed Jory
 69326 | Crypt:3  | Reached skill level 15 in Transmutations
 69387 | Crypt:3  | XOM: destruction
 69453 | Crypt:3  | XOM: cast spell 'Beastly Appendage'
 69467 | Crypt:3  | XOM: enchant monster (good)
 69512 | Crypt:3  | Found an ancient bone altar of Kikubaaqudgha.
 69596 | Crypt:3  | XOM: divination: magic mapping
 69598 | Crypt:3  | Noticed an ancient lich
 69605 | Crypt:3  | XOM: cast spell 'Blink'
 69614 | Crypt:3  | XOM: potion effect (agility)
 69629 | Crypt:3  | Killed an ancient lich
 69642 | Crypt:3  | Got a heavily runed ring mail
 69643 | Crypt:3  | Identified the +1 ring mail of Dupiaxzu {+Fly Int+4} (You found it on level 3 of the Crypt)
 69775 | Crypt:3  | Noticed Donald
 69782 | Crypt:3  | Killed Donald
 69956 | Crypt:3  | XOM: chaos upgrade
 70007 | Crypt:3  | XOM: noise
 70044 | Crypt:3  | XOM: chaos cloud
 70159 | Crypt:3  | XOM: enchant monster (bad)
 70268 | Crypt:3  | Got a brightly glowing marble ring
 70273 | Crypt:3  | Got a bound iron ring
 70275 | Crypt:3  | Identified the ring of Red Wine {rC+ rN+} (You found it on level 3 of the Crypt)
 70277 | Crypt:3  | Identified the ring "Beestre" {rPois rN+} (You found it on level 3 of the Crypt)
 70636 | Hell     | Entered the Vestibule of Hell
 70640 | Hell     | Noticed Geryon
 70645 | Hell     | XOM: enchant monster (good)
 70663 | Hell     | XOM: confuse monster(s)
 70672 | Hell     | XOM: swap monsters
 70676 | Hell     | Killed Geryon
 70783 | Hell     | Found a gateway to the decaying netherworld of Tartarus.
 70866 | Hell     | XOM: fog
 70877 | Hell     | Noticed WhatIsLove's ghost (mighty FoEE)
 70886 | Hell     | XOM: polymorph blue devil -> hellwing
 70888 | Hell     | Killed WhatIsLove's ghost
 70891 | Hell     | XOM: divination: detect items
 70900 | Hell     | Found a gateway to the freezing wastes of Cocytus.
 70909 | Hell     | XOM: fog
 71062 | Hell     | XOM: summons friendly shadow imp
 71078 | Hell     | XOM: cast spell 'Summon Butterflies'
 71094 | Hell     | Found a gateway to the Iron City of Dis.
 71160 | Hell     | XOM: destruction
 71167 | Hell     | Found a gateway to the ashen valley of Gehenna.
 71267 | Dis:1    | Entered Level 1 of the Iron City of Dis
 71312 | Dis:1    | XOM: confuse monster(s)
 71379 | Dis:3    | XOM: god gift: plate armour {god gift}
 71716 | Dis:7    | Entered Level 7 of the Iron City of Dis
 71750 | Dis:7    | XOM: swap monsters
 71754 | Dis:7    | XOM: potion effect (agility)
 71778 | Dis:7    | XOM: cast spell 'Confusing Touch'
 71799 | Dis:7    | XOM: summons 1 friendly demon
 71804 | Dis:7    | XOM: blink monster(s)
 71807 | Dis:7    | XOM: noise
 71818 | Dis:7    | XOM: confuse monster(s)
 71821 | Dis:7    | XOM: summons friendly iron imp
 71843 | Dis:7    | XOM: harmless Hex miscast
 71900 | Dis:7    | XOM: harmless Hex miscast
 71910 | Dis:7    | XOM: confuse monster(s)
 71979 | Dis:7    | XOM: chaos cloud
 71992 | Dis:7    | XOM: polymorph quicksilver dragon -> fire giant
 71995 | Dis:7    | XOM: chaos upgrade
 71996 | Dis:7    | XOM: chaos cloud
 72006 | Dis:7    | Paralysed by you for 5 turns
 72088 | Dis:7    | XOM: blink monster(s)
 72092 | Dis:7    | XOM: mild Trmt miscast
 72129 | Dis:7    | XOM: noise
 72143 | Dis:7    | XOM: summons 1 friendly demon
 72146 | Dis:7    | XOM: divine lightning
 72149 | Dis:7    | XOM: swap monsters
 72187 | Dis:7    | XOM: god gift: 12 arrows of frost
 72190 | Dis:7    | Noticed Dispater
 72198 | Dis:7    | XOM: divine lightning
 72202 | Dis:7    | XOM: summons 4 hostile shadow creatures
 72279 | Dis:7    | XOM: smoke on damage
 72291 | Dis:7    | XOM: enchant monster (good)
 72305 | Dis:7    | XOM: confusion (+ monsters)
 72309 | Dis:7    | XOM: confuse monster(s)
 72332 | Dis:7    | Killed Dispater
 72341 | Dis:7    | XOM: silly message
 72436 | Dis:7    | Identified the Catalogue of Flamy Arcane Weapons
 72443 | Dis:7    | Got an iron rune of Zot
 72451 | Dis:7    | Identified the Handbook of Creative Boosts
 72455 | Dis:7    | Got an ancient graven amulet
 72457 | Dis:7    | Identified the amulet of Rynidoom {Ward rF+ rC++ rN+ Int+3 Slay-3} (You found it on level 7 of the Iron City of Dis)
 72552 | Dis:7    | XOM: enchant monster (bad)
 72611 | Tar:1    | Entered Level 1 of Tartarus
 72628 | Tar:1    | XOM: silly message
 72672 | Tar:1    | XOM: chaos upgrade
 72924 | Tar:2    | XOM: noise
 73044 | Tar:3    | Gained mutation: You occasionally shout uncontrollably at your foes. [mutagenic glow]
 73339 | Tar:5    | XOM: blink monster(s)
 73405 | Tar:6    | XOM: enchant monster (bad)
 73461 | Tar:6    | XOM: silly message
 73774 | Tar:7    | Entered Level 7 of Tartarus
 73782 | Tar:7    | XOM: harmless Conj miscast
 73786 | Tar:7    | XOM: cast spell 'Blink'
 73791 | Tar:7    | XOM: blink monster(s)
 73795 | Tar:7    | XOM: blink monster(s)
 73811 | Tar:7    | XOM: potion effect (might)
 73829 | Tar:7    | XOM: butterfly on damage
 73953 | Tar:7    | XOM: divination: detect creatures
 74087 | Tar:7    | XOM: confuse monster(s)
 74117 | Tar:7    | Got a sparkling bronze ring
 74120 | Tar:7    | Identified the ring "Qused" {rPois rF+} (You found it on level 7 of Tartarus)
 74124 | Tar:7    | Got a shimmering dagger
 74125 | Tar:7    | Identified the +5 dagger "Ogreslayer" {drain, MR+} (You found it on level 7 of Tartarus)
 74188 | Tar:7    | XOM: enchant monster (bad)
 74284 | Tar:7    | Noticed Ereshkigal
 74303 | Tar:7    | Killed Ereshkigal
 74303 | Tar:7    | XOM: summons friendly iron imp
 74332 | Tar:7    | Identified Emaj's Volume of Stolen Souls
 74334 | Tar:7    | XOM: harmless Conj miscast
 74339 | Tar:7    | Learned a level 5 spell: Dispel Undead
 74344 | Tar:7    | Got a bone rune of Zot
 74346 | Tar:7    | Identified The Last Secrets of Thaumaturgy
 74352 | Tar:7    | XOM: silly message
 74377 | Tar:7    | Got an agate-encrusted scale mail
 74388 | Tar:7    | Identified the cursed +0 scale mail "Wiffumuf" {rF+ Str+2 SInv} (You found it on level 7 of Tartarus)
 74442 | Tar:7    | XOM: divination: detect creatures
 74452 | Tar:7    | XOM: silly message
 74668 | Geh:1    | XOM: noise
 74668 | Geh:1    | Entered Level 1 of Gehenna
 74682 | Geh:1    | You fall through a shaft!
 74695 | Geh:2    | XOM: potion effect (berserk rage)
 74728 | Geh:2    | XOM: cast spell 'Cause Fear'
 74862 | Geh:5    | XOM: noise
 74939 | Geh:5    | XOM: god gift: scroll of fog
 74954 | Geh:5    | XOM: smoke on damage
 74969 | Geh:5    | XOM: vitrification
 74973 | Geh:5    | XOM: cast spell 'Chain of Chaos'
 75102 | Geh:7    | Entered Level 7 of Gehenna
 75339 | Geh:7    | XOM: swap monsters
 75373 | Geh:7    | XOM: 9-stop teleportation journey
 75400 | Geh:7    | Noticed the Serpent of Hell
 75407 | Geh:7    | XOM: 1-stop teleportation journey
 75449 | Geh:7    | XOM: enchant monster (good)
 75507 | Geh:7    | XOM: cast spell 'Stoneskin'
 75518 | Geh:7    | Killed the Serpent of Hell
 75579 | Geh:7    | XOM: swap monsters
 75611 | Geh:7    | XOM: vitrification
 75631 | Geh:7    | XOM: polymorph sun demon -> soul eater
 75632 | Geh:7    | XOM: polymorph Hell Sentinel -> Brimstone Fiend
 75635 | Geh:7    | XOM: enchant monster (good)
 75672 | Geh:7    | XOM: enchant monster (good)
 75684 | Geh:7    | Noticed Asmodeus
 75694 | Geh:7    | XOM: divine lightning (protected)
 75711 | Geh:7    | XOM: noise
 75734 | Geh:7    | Killed Asmodeus
 75790 | Geh:7    | XOM: vitrification
 75793 | Geh:7    | Got an obsidian rune of Zot
 75807 | Geh:7    | Got a polished ice dragon armour
 75820 | Geh:7    | Identified the Volume of Dung (You found it on level 7 of Gehenna)
 75843 | Geh:7    | Identified the +3 ice dragon armour "Seoc" {rF- rC++ MP+9 Str+5 Int+2 Slay-4} (You found it on level 7 of Gehenna)
 75892 | Geh:7    | XOM: noise
 76062 | Coc:1    | Entered Level 1 of Cocytus
 76102 | Coc:3    | XOM: mild Air miscast
 76105 | Coc:3    | XOM: summons 9 friendly demons
 76113 | Coc:3    | XOM: god gift: 55 gold pieces
 76218 | Coc:4    | You are sucked into a shaft!
 76221 | Coc:7    | Entered Level 7 of Cocytus
 76241 | Coc:7    | XOM: harmless Necr miscast
 76251 | Coc:7    | Reached skill level 23 in Fighting
 76283 | Coc:7    | XOM: enchant monster (bad)
 76307 | Coc:7    | XOM: harmless Tloc miscast
 76309 | Coc:7    | XOM: blink monster(s)
 76340 | Coc:7    | XOM: mild Air miscast
 76373 | Coc:7    | XOM: summons friendly quasit
 76382 | Coc:7    | Got a pitted turquoise ring
 76401 | Coc:7    | XOM: confusion (+ monsters)
 76407 | Coc:7    | XOM: harmless Chrm miscast
 76409 | Coc:7    | XOM: cast spell 'Summon Dragon'
 76415 | Coc:7    | XOM: harmless Necr miscast
 76558 | Coc:7    | XOM: summons 9 friendly demons
 76567 | Coc:7    | XOM: enchant monster (bad)
 76598 | Coc:7    | XOM: confuse monster(s)
 76677 | Coc:7    | XOM: blink monster(s)
 76704 | Coc:7    | XOM: fake destruction
 76813 | Coc:7    | XOM: give mutations
 76813 | Coc:7    | Gained mutation: You have supernaturally acute eyesight. [Xom's grace]
 76813 | Coc:7    | Gained mutation: You are partially covered in icy blue scales (AC +1). [Xom's grace]
 76813 | Coc:7    | Gained mutation: Your flesh is almost immune to the effects of heat. [Xom's grace]
 76813 | Coc:7    | Gained mutation: Your mind is acute. (Int +2) [Xom's grace]
 76857 | Coc:7    | XOM: confuse monster(s)
 76888 | Coc:7    | Identified the ring of Focumoud {Wiz rF- rN+++ Str-3 Dex+3} (You found it on level 7 of Cocytus)
 76908 | Coc:7    | Got a dazzling scale mail
 76919 | Coc:7    | Identified the cursed +1 scale mail of Amorality {+Blink MR+ Int+4} (You found it on level 7 of Cocytus)
 76973 | Coc:7    | XOM: potion effect (berserk rage)
 77036 | Coc:7    | XOM: cast spell 'Summon Horrible Things'
 77063 | Coc:7    | XOM: give mutations
 77063 | Coc:7    | Lost mutation: You have supernaturally acute eyesight. [Xom's mischief]
 77063 | Coc:7    | Lost mutation: Your mind is acute. (Int +2) [Xom's mischief]
 77076 | Coc:7    | Noticed Antaeus
 77079 | Coc:7    | Got an icy rune of Zot
 77080 | Coc:7    | XOM: summons friendly iron imp
 77105 | Coc:7    | XOM: polymorph iron imp -> quasit
 77107 | Coc:7    | XOM: confuse monster(s)
 77127 | Coc:7    | XOM: cast spell 'Discord'
 77147 | Coc:7    | XOM: harmless Conj miscast
 77176 | Coc:7    | Killed Antaeus
 77209 | Coc:7    | XOM: harmless Pois miscast
 77525 | Tomb:1   | Entered Level 1 of the Tomb of the Ancients
 77609 | Tomb:1   | Noticed Sojobo
 77613 | Tomb:1   | XOM: potion effect (brilliance)
 77621 | Tomb:1   | XOM: summons friendly ufetubus
 77624 | Tomb:1   | Killed Sojobo
 77633 | Tomb:1   | XOM: enchant monster (bad)
 77671 | Tomb:1   | XOM: 1-stop teleportation journey
 77697 | Tomb:1   | XOM: swap monsters
 77704 | Tomb:1   | XOM: mild Necr miscast
 77744 | Tomb:1   | XOM: summons friendly quasit
 77839 | Tomb:1   | Reached skill level 24 in Fighting
 77907 | Tomb:1   | XOM: god gift: 16 stones
 77966 | Tomb:1   | XOM: fog
 77969 | Tomb:1   | Noticed an ancient lich
 78001 | Tomb:1   | XOM: summons friendly quasit
 78008 | Tomb:1   | XOM: 3-stop teleportation journey
 78030 | Tomb:1   | XOM: swap monsters
 78046 | Tomb:1   | XOM: cast spell 'Warp Weapon'
 78121 | Tomb:1   | Killed an ancient lich
 78151 | Tomb:1   | XOM: confuse monster(s)
 78160 | Tomb:1   | XOM: summons 14 friendly demons
 78164 | Tomb:1   | XOM: enchant monster (good)
 78169 | Tomb:1   | XOM: 2-stop teleportation journey
 78213 | Tomb:1   | XOM: blink monster(s)
 78254 | Tomb:1   | XOM: give mutations
 78254 | Tomb:1   | Lost mutation: Your flesh is almost immune to the effects of heat. [Xom's mischief]
 78254 | Tomb:1   | Gained mutation: You have sharp fingernails. [Xom's mischief]
 78254 | Tomb:1   | Gained mutation: Your magical capacity is low (-10% MP). [Xom's mischief]
 78282 | Tomb:1   | XOM: mild Erth miscast
 78454 | Tomb:1   | XOM: blink monster(s)
 78548 | Tomb:1   | XOM: harmless Fire miscast
 78574 | Tomb:2   | XOM: divination: magic mapping
 78575 | Tomb:2   | Noticed an ancient lich
 78650 | Tomb:2   | XOM: potion effect (might)
 78669 | Tomb:1   | Killed an ancient lich
 78691 | Tomb:2   | XOM: confusion
 78708 | Tomb:2   | XOM: summons friendly white imp
 78894 | Tomb:2   | XOM: colour smoke trail
 78904 | Tomb:1   | XOM: summons 3 friendly demons
 78911 | Tomb:1   | XOM: potion effect (brilliance)
 78922 | Tomb:1   | XOM: potion effect (brilliance)
 78932 | Tomb:1   | XOM: harmless Air miscast
 78934 | Tomb:1   | XOM: swap monsters
 78939 | Tomb:1   | XOM: enchant monster (bad)
 78942 | Tomb:1   | XOM: confusion (+ monsters)
 78993 | Tomb:1   | XOM: severe Conj miscast
 79007 | Tomb:1   | XOM: chaos cloud
 79053 | Tomb:1   | XOM: swap monsters
 79073 | Tomb:1   | XOM: harmless Chrm miscast
 79102 | Tomb:1   | XOM: potion effect (agility)
 79254 | Tomb:1   | XOM: summons 2 hostile shadow creatures
 79260 | Tomb:1   | XOM: confusion
 79265 | Tomb:1   | XOM: harmless Ice miscast
 79273 | Tomb:1   | XOM: blink monster(s)
 79280 | Tomb:1   | XOM: noise
 79350 | Tomb:1   | XOM: colour smoke trail
 79365 | Tomb:1   | XOM: cast spell 'Summon Horrible Things'
 79440 | Tomb:1   | XOM: confusion (+ monsters)
 79537 | Tomb:1   | XOM: cast spell 'Excruciating Wounds'
 79546 | Tomb:1   | XOM: chaos cloud
 79549 | Tomb:1   | Cast into the Abyss (you)
 79618 | Abyss:1  | Gained mutation: You are weak. (Str -2) [mutagenic glow]
 79902 | Abyss:2  | XOM: colour smoke trail
 80007 | Abyss:2  | Gained mutation: You are very weak. (Str -4) [mutagenic glow]
 80069 | Abyss:2  | Gained mutation: You expend magic power (3 MP) to strengthen your wands. [mutagenic glow]
 80097 | Abyss:2  | XOM: swap monsters
 80101 | Abyss:2  | XOM: enchant monster (good)
 80238 | Abyss:2  | Gained mutation: Your magical capacity is very low (-20% MP). [a neqoxec]
 80239 | Abyss:2  | Gained mutation: Your magical capacity is extremely low (-30% MP). [a neqoxec]
 80253 | Abyss:2  | XOM: swap monsters
 80291 | Abyss:2  | XOM: destruction
 80303 | Abyss:2  | XOM: confuse monster(s)
 80416 | Abyss:2  | Found a corrupted altar of Lugonu.
 80446 | Abyss:2  | XOM: enchant monster (bad)
 80657 | Abyss:2  | XOM: divine lightning
 80658 | Abyss:2  | XOM: enchant monster (bad)
 80667 | Tomb:1   | Escaped the Abyss
 80670 | Tomb:1   | XOM: mild Erth miscast
 80688 | Tomb:1   | XOM: blink monster(s)
 80811 | Tomb:1   | XOM: medium Divn miscast
 80849 | Crypt:1  | XOM: give mutations
 80849 | Crypt:1  | Lost mutation: You are clumsy. (Dex -2) [Xom's mischief]
 80849 | Crypt:1  | Lost mutation: You are very weak. (Str -4) [Xom's mischief]
 80849 | Crypt:1  | Lost mutation: You expend magic power (3 MP) to strengthen your wands. [Xom's mischief]
 80849 | Crypt:1  | Lost mutation: Your magical capacity is extremely low (-30% MP). [Xom's mischief]
 81180 | Depths:3 | XOM: mild Tloc miscast
 81254 | Zig:1    | Entered Level 1 of a ziggurat
 81274 | Zig:2    | Entered Level 2 of a ziggurat
 81288 | Zig:2    | XOM: enchant monster (bad)
 81299 | Zig:2    | Reached skill level 25 in Fighting
 81316 | Zig:3    | Entered Level 3 of a ziggurat
 81371 | Zig:4    | Entered Level 4 of a ziggurat
 81412 | Zig:5    | Entered Level 5 of a ziggurat
 81424 | Zig:5    | XOM: confusion (+ monsters)
 81452 | Zig:5    | Got a shimmering wooden ring
 81487 | Zig:5    | Identified the ring "Qepoinua" {+/*Tele SInv} (You found it on level 5 of a ziggurat)
 81504 | Zig:6    | Entered Level 6 of a ziggurat
 81510 | Zig:6    | XOM: chaos upgrade
 81515 | Zig:6    | XOM: cast spell 'Summon Small Mammal'
 81518 | Zig:6    | XOM: medium Hex miscast
 81523 | Zig:6    | XOM: enchant monster (bad)
 81524 | Zig:6    | XOM: harmless Ice miscast
 81526 | Zig:6    | XOM: enchant monster (bad)
 81575 | Zig:6    | Got a slimy platinum ring
 81578 | Zig:6    | Identified the ring "Vece" {rPois MR+ Str+2 Int+4} (You found it on level 6 of a ziggurat)
 81591 | Zig:6    | Got a brightly glowing tin ring
 81593 | Zig:6    | Identified the ring of Ascent {+/*Tele *Contam +Fly rN+ Slay+2} (You found it on level 6 of a ziggurat)
 81601 | Zig:7    | Entered Level 7 of a ziggurat
 81616 | Zig:7    | XOM: divination: detect items
 81652 | Zig:7    | Gained mutation: Your spells are a little easier to cast, but a little less powerful. [mutagenic glow]
 81662 | Zig:7    | XOM: snakes to sticks
 81678 | Zig:7    | XOM: destruction
 81680 | Zig:7    | XOM: divination: magic mapping
 81681 | Zig:7    | XOM: noise
 81732 | Zig:7    | Gained mutation: Your magical capacity is extremely low (-30% MP). [mutagenic glow]
 81733 | Zig:7    | Lost mutation: Your flesh is very heat resistant. [potion of cure mutation]
 81733 | Zig:7    | Lost mutation: Your flesh is heat resistant. [potion of cure mutation]
 81733 | Zig:7    | Lost mutation: Your magical capacity is extremely low (-30% MP). [potion of cure mutation]
 81733 | Zig:7    | Lost mutation: You occasionally shout uncontrollably at your foes. [potion of cure mutation]
 81733 | Zig:7    | Lost mutation: You have hooves in place of feet. [potion of cure mutation]
 81743 | Zig:7    | Lost mutation: You have hoof-like feet. [potion of cure mutation]
 81743 | Zig:7    | Lost mutation: Your magical capacity is very low (-20% MP). [potion of cure mutation]
 81743 | Zig:7    | Lost mutation: Your spells are a little easier to cast, but a little less powerful. [potion of cure mutation]
 81743 | Zig:7    | Lost mutation: You are weak. (Str -2) [potion of cure mutation]
 81743 | Zig:7    | Lost mutation: You have large cloven feet. [potion of cure mutation]
 81746 | Zig:8    | Entered Level 8 of a ziggurat
 81756 | Zig:8    | XOM: silly message
 81757 | Zig:8    | XOM: summons 16 friendly demons
 81766 | Zig:8    | XOM: divination: detect items
 81807 | Zig:8    | Got a fine helmet
 81818 | Zig:8    | Identified the +2 helmet "Ula Vime" {Regen+} (You found it on level 8 of a ziggurat)
 81839 | Zig:8    | Got a bound copper ring
 81842 | Zig:8    | Identified the ring of Oxzean {+/*Tele +Inv rElec Str+3 Int+2} (You found it on level 8 of a ziggurat)
 81854 | Zig:9    | Entered Level 9 of a ziggurat
 81854 | Zig:9    | Gained mutation: You are clumsy. (Dex -2) [mutagenic glow]
 81948 | Zig:9    | Gained mutation: Armour fits poorly on your strangely shaped body. [mutagenic glow]
 81949 | Zig:9    | Lost mutation: Your magical capacity is low (-10% MP). [potion of cure mutation]
 81949 | Zig:9    | Lost mutation: Armour fits poorly on your strangely shaped body. [potion of cure mutation]
 81949 | Zig:9    | Lost mutation: You are partially covered in iridescent scales (AC +4). [potion of cure mutation]
 81949 | Zig:9    | Lost mutation: You are clumsy. (Dex -2) [potion of cure mutation]
 81966 | Zig:10   | Entered Level 10 of a ziggurat
 81982 | Zig:10   | XOM: confuse monster(s)
 81990 | Zig:10   | XOM: confuse monster(s)
 82013 | Zig:10   | XOM: silly message
 82017 | Zig:10   | XOM: summons friendly shadow imp
 82065 | Zig:10   | XOM: 7-stop teleportation journey
 82073 | Zig:10   | Got a pair of twisted gloves
 82075 | Zig:11   | Entered Level 11 of a ziggurat
 82087 | Zig:11   | Gained mutation: Your body sometimes deteriorates upon taking damage. [a neqoxec]
 82092 | Zig:11   | XOM: 1-stop teleportation journey
 82093 | Zig:11   | XOM: give mutation
 82093 | Zig:11   | Gained mutation: You are frail (-10% HP). [Xom's mischief]
 82094 | Zig:11   | XOM: polymorph large abomination -> skeletal warrior
 82164 | Depths:5 | XOM: mild Fire miscast
 82415 | Zot:5    | XOM: silly message
 82420 | Zot:5    | XOM: chaos cloud
 82490 | Zot:5    | XOM: give mutations
 82490 | Zot:5    | Lost mutation: You are partially covered in icy blue scales (AC +1). [Xom's mischief]
 82490 | Zot:5    | Gained mutation: Scrolls take you a little longer to read. [Xom's mischief]
 82553 | Zot:5    | XOM: silly message
 82558 | Zot:5    | XOM: harmless Hex miscast
 82562 | Zot:5    | Noticed an ancient lich
 82570 | Zot:5    | Killed an ancient lich
 82618 | Zot:5    | XOM: noise
 82632 | Zot:5    | Noticed an ancient lich
 82635 | Zot:5    | Noticed an orb of fire
 82637 | Zot:5    | XOM: confuse monster(s)
 82639 | Zot:5    | Noticed an orb of fire
 82649 | Zot:5    | Gained mutation: You are weak. (Str -2) [an orb of fire]
 82652 | Zot:5    | Gained mutation: You are dopey. (Int -2) [an orb of fire]
 82657 | Zot:5    | XOM: 5-stop teleportation journey
 82663 | Zot:5    | XOM: blink monster(s)
 82664 | Zot:5    | Got the Orb of Zot
 82668 | Zot:5    | XOM: noise
 82669 | Zot:5    | Noticed an orb of fire
 82669 | Zot:5    | Noticed an orb of fire
 82669 | Zot:5    | HP: 1/150 [Orb Guardian (17)]
 82670 | Zot:5    | Noticed an orb of fire
 82672 | Zot:5    | Noticed an orb of fire
 82674 | Zot:5    | Mangled by an Orb Guardian

Vault maps used:
D:1:      minmay_arrival_checkered_box, minmay_fountain_box, minivault_26,
          minmay_misc_feat_rows, minmay_misc_feat_five
D:2:      serial_corexii_hall, corexii_hall_statues_deadend,
          corexii_hall_statues_s, ecumenical_altar_1
D:3:      kennysheep_generic_room_14, uniq_jessica, uniq_natasha
D:4:      kennysheep_mini_moat, minmay_temple_entry_overgrown, first_bread,
          serial_shops, nicolae_shop_overgrown_old_shop, uniq_grinder,
          uniq_blork_the_orc
D:5:      nicolae_overflow_crystal_walls, serial_shops, shop,
          gup_sewer_entry_bubbles, grunt_ministairs_4, uniq_prince_ribbit1
D:6:      uniq_eustachio
D:7:      uniq_pikel
D:8:      minmay_goldmine, basic_altar, grunt_pizzeria, nicolae_zen_rock_garden
D:9:      nicolae_overflow_hidden_temple, basic_altar, minmay_unpleasant_kobolds
D:10:     nicolae_dithmenos_shadow_blocks
D:11:     minmay_lair_entry_grove, zombieorc2_lemuel
D:12:     portal_ice_cave_entry_ice_beasts
D:13:     minmay_five_octagons, hangedman_decor_opposing, minmay_misc_feat_iff
D:14:     serial_shops, nicolae_shop_temple_entry_statues_fountains,
          serial_bayou_shore_a, uniq_rupert
D:15:     gammafunk_depths_entry_grave, due_unseen_surprise
Temple:   chambers_temple_14
Lair:2:   tgw_fedhas
Lair:4:   basic_altar, serial_bayou_pond_c
Lair:5:   minmay_shoals_entry_hut, dummy_snake_entry, uniq_nessos
Lair:6:   basic_altar
Lair:8:   minmay_lair_end_frog_pond, minmay_slime_entry_pillars,
          lemuel_fruit_tree
Shoals:2: serial_shops, shop
Shoals:3: serial_shops, nicolae_shop_crystal
Shoals:4: shoals_end_simple, shoal_ilsuiw, nicolae_shoals_seven_spires
Snake:2:  spider_trap
Snake:3:  dpeg_oklob_gauntlet, serial_shops, shop, nicolae_shop_stone,
          shop_statue, shop
Snake:4:  snake_pit_salamanders_mu, serial_shops, shop
Slime:1:  cheibrodos_slime_lost_civilization_5
Slime:4:  basic_altar
Orc:1:    basic_altar, roderic_batcave
Orc:2:    enter_bailey_3
Orc:3:    serial_shops, shop, nicolae_shop_waterfront, shop,
          nicolae_shop_statue_plus, nicolae_orc_pool_cavern, trog_butcher_becter
Orc:4:    grunt_orc_cross
Elf:1:    minivault_28
Elf:2:    serial_shops, shop, minmay_crystal_room, minivault_23
Elf:3:    minmay_elf_hall_spiked, serial_shops, nicolae_shop_waterfront
Vaults:1: hangedman_vaults_slither, v_pattern_3, ontoclasm_vaults_fault,
          grunt_tower_of_power, vaults_mumra_hexcomb, v_rooms_6, v_misc_12,
          hangedman_vaults_nodes, grunt_vaults_diagonal,
          nicolae_vaults_little_squares_6, nicolae_vaults_little_ls,
          ontoclasm_vaults_decontamination, vaults_dpeg_cross,
          nicolae_vaults_ring_of_whatevers, uniq_aizul, uniq_asterion,
          uniq_saint_roka
Vaults:2: vaults_room_large_hall, nicolae_vaults_angled_halls, v_misc_2,
          ontoclasm_vaults_ring_large, vaults_standard_mumra_lines,
          hangedman_vaults_capsules, v_misc_5, ontoclasm_vaults_idyll,
          v_alt_pattern_1, serial_shops, shop
Vaults:3: minmay_crypt_entry_simple_sparse, ontoclasm_vaults_ring_large,
          v_misc_1, vaults_dpeg_spiral, ontoclasm_vaults_spin,
          hangedman_vaults_hard_town_square, hangedman_vaults_cutoff,
          ontoclasm_vaults_eye, nicolae_vaults_big_ls, nicolae_vaults_triangles,
          basic_altar, serial_shops, shop, shop, nicolae_shop_trees
Vaults:4: vaults_standard_mumra_x, v_misc_13, vaults_dpeg_hooks,
          ontoclasm_vaults_ring_square, vaults_mumra_minichess_inversion,
          grunt_vaults_bifocal, nicolae_vaults_what_the_h,
          ontoclasm_vaults_shuriken, st_squares, v_misc_31, v_misc_13,
          serial_shops, shop_statue
Crypt:1:  grunt_crypt_arrival_split, roderic_lattice_octagonal_star
Crypt:2:  uniq_mara, uniq_khufu, uniq_margery, uniq_frederick
Crypt:3:  church_of_pain_bobbens, uniq_donald, uniq_jory, uniq_mennas
Tomb:1:   uniq_sojobo
Depths:1: hell_entry, nicolae_wwwww, serial_shops, kennysheep_little_box,
          minmay_serpent_palace, uniq_wiglaf
Depths:2: minmay_central_circle, serial_co_window_serial, co_window_paths_b,
          co_window_paths_b, co_window_paths_a, co_window_paths_b,
          co_window_cross_1, co_window_paths_c, co_window_unsneaky_path_e,
          co_window_unsneaky_path_b, glass_columns_b, glass_columns_b,
          hell_entry
Depths:3: grunt_arcs, abandoned_shop, pan_entry, pf_hell_entry_tar_spiral
Depths:4: minmay_three_patterns, grunt_hell_horde, pan_entry,
          nicolae_abyss_entry_one_way_or_another, kennysheep_big_empty_room,
          nicolae_elemental_shop, minmay_staircase_bubble
Depths:5: evilmike_zot_entry_argh, enter_ziggurat_a, grunt_decor_one_mirror,
          serial_shops, shop, nicolae_trove_entry_diagonal, abyss_entry_crystal,
          hangedman_coc_ice_floe, infiniplex_staircase_pool_lava
Dis:7:    iron_city_of_dis
Geh:2:    grunt_megastairs_5
Geh:4:    hangedman_gehenna_grave_pits
Geh:5:    grunt_megastairs_2
Geh:7:    geh_mu
Coc:6:    special_room
Coc:7:    coc_dpeg
Tar:2:    nicolae_tar_cuneiform_two
Tar:3:    nicolae_tar_cuneiform_heaven
Tar:7:    tar_minmay_river
Zot:1:    grunt_deathspiral_small
Zot:2:    hangedman_hellfire_club
Zot:4:    basic_altar
Abyss:2:  hangedman_stitches_earthworm
Abyss:3:  minivault_13
Pan:      lemuel_hall_of_pain, pan_blood_fountain_small, rand_demon_5,
          rand_demon_8, uniq_mennas_pan, nicolae_pan_gloorx_vloqian_2,
          rand_demon_7, pan_blood_fountain_2, evilmike_mini_pan_diamond,
          evilmike_mini_pan_other_thingy, nicolae_pan_sigil_uleosi,
          evilmike_mini_pan_doors_b, grunt_pan_sceptre, uniq_mennas_pan,
          nicolae_pan_mnolegish_3, rand_demon_8, evilmike_mini_pan_rooms,
          nicolae_pan_cerebovesque_3, nicolae_pan_sigil_obb, mnoleg_st,
          nicolae_pan_mnolegish_1, grunt_pan_in_and_out, nicolae_pan_sigil_itan,
          nicolae_pan_mnolegish_1, pan_surprise, nicolae_pan_strange_glyphs,
          grunt_pan_zigzag, grunt_pan_frozen_over, cerebov_grunt,
          grunt_pan_pentagram, reaverb_pan_squares, nicolae_pan_cerebovesque_2,
          evilmike_mini_pan_doors_b, rand_demon_4, pan_blood_fountain,
          evilmike_holy_pan, evilmike_mini_pan_corridor, grunt_pan_sceptre,
          evilmike_mini_pan_T, gloorx_vloq, reaverb_pan_figure_eight,
          lom_lobon_grunt, pan_blood_fountain, pan_blood_fountain_2,
          nicolae_pan_gloorx_vloqian_2
Zig:8:    ziggurat_pillar_centre_c
Zig:10:   ziggurat_pillar_centre_oklobs
Trove:    trove_library
Sewer:    sewer_minmay_treatment
Bailey:   bailey_axe_3, bailey
IceCv:    ice_cave_small_demon

Action                   |  1- 3 |  4- 6 |  7- 9 | 10-12 | 13-15 | 16-18 | 19-21 | 22-24 | 25-27 || total
-------------------------+-------+-------+-------+-------+-------+-------+-------+-------+-------++-------
Melee: Short sword       |   118 |    12 |       |       |       |       |       |       |       ||   130
       Dagger            |       |   138 |   591 |  1677 |       |       |       |       |       ||  2406
       Quick blade       |       |       |       |   116 |  2420 |  1704 |  1251 |  2189 |  7081 || 14761
       Unarmed           |       |       |       |     9 |       |       |       |       |    39 ||    48
       Eudemon blade     |       |       |       |       |       |       |       |       |  3092 ||  3092
       Demon blade       |       |       |       |       |       |       |       |       |    57 ||    57
       Double sword      |       |       |       |       |       |       |       |       |    41 ||    41
 Fire: Blowgun           |       |       |    11 |     3 |       |       |       |       |       ||    14
 Cast: Apportation       |       |       |       |       |     1 |       |       |     5 |    22 ||    28
       Regeneration      |       |       |       |       |       |       |       |     2 |    25 ||    27
       Blink             |       |       |       |       |       |       |       |       |     3 ||     3
       Haste             |       |       |       |       |       |       |       |       |    33 ||    33
       Phase Shift       |       |       |       |       |       |       |       |       |    31 ||    31
       Controlled Blink  |       |       |       |       |       |       |       |       |    15 ||    15
       Deflect Missiles  |       |       |       |       |       |       |       |       |    13 ||    13
       Necromutation     |       |       |       |       |       |       |       |       |     8 ||     8
       Silence           |       |       |       |       |       |       |       |       |     6 ||     6
       Control Undead    |       |       |       |       |       |       |       |       |     5 ||     5
       Swiftness         |       |       |       |       |       |       |       |       |     4 ||     4
       Summon Butterflie |       |       |       |       |       |       |       |       |     1 ||     1
 Abil: Evoke Invisibilit |       |       |       |       |     3 |       |       |       |       ||     3
       Evoke Flight      |       |       |       |       |       |       |       |       |    19 ||    19
       Stop Flying       |       |       |       |       |       |       |       |       |     3 ||     3
       End Transformatio |       |       |       |       |       |       |       |       |     1 ||     1
Evoke: Wand              |       |       |     1 |    43 |     5 |       |     5 |       |    20 ||    74
       Phantom mirror    |       |       |       |       |     1 |       |     2 |     1 |     2 ||     6
       Deck              |       |       |       |       |       |       |       |    10 |     6 ||    16
       Fan of gales      |       |       |       |       |       |       |       |     1 |       ||     1
  Use: Scroll            |     4 |     6 |    11 |    22 |    20 |    11 |     6 |    14 |    86 ||   180
       Potion            |       |       |       |     3 |     2 |     9 |     2 |    15 |    32 ||    63
 Stab: Sleeping          |       |     4 |     7 |     1 |     5 |     1 |     2 |     4 |     1 ||    25
       Confused          |       |       |     1 |     7 |    10 |     6 |     7 |    12 |   103 ||   146
       Paralysed         |       |       |     1 |       |       |     2 |     5 |       |     6 ||    14
       Distracted        |       |       |       |     6 |     2 |     3 |     1 |     2 |    25 ||    39
       Invisible         |       |       |       |     2 |    21 |     2 |     9 |       |    45 ||    79
       Petrifying        |       |       |       |       |     2 |     1 |       |       |    10 ||    13
       Petrified         |       |       |       |       |     1 |     1 |       |       |    13 ||    15
  Eat: Chunk             |       |     4 |     9 |     9 |     4 |     5 |     4 |     4 |     8 ||    47
       Pizza             |       |       |     1 |     9 |     5 |     2 |     3 |       |     6 ||    26
       Royal jelly       |       |       |     1 |     1 |     3 |     1 |       |       |     7 ||    13
       Beef jerky        |       |       |     1 |       |     3 |     1 |     3 |     1 |     6 ||    15
       Fruit             |       |       |       |     3 |     7 |     3 |       |     7 |    20 ||    40
       Meat ration       |       |       |       |     1 |     2 |     1 |     1 |       |       ||     5
       Bread ration      |       |       |       |       |       |     1 |     2 |     3 |    22 ||    28
